 Dungeon Crawl Stone Soup version 0.29.1-1-gd02db6906a (webtiles) character file.

Game seed: 15671315702402151930

1494479 sleeves the Ninja (level 27, 156/156 HPs)
             Began as a Kobold Transmuter on Sept 27, 2022.
             Was the Champion of Hepliaklqana.
             Escaped with the Orb
             ... and 3 runes on Sept 28, 2022!
             The game lasted 04:20:20 (92928 turns).

sleeves the Ninja (Kobold Transmuter)              Turns: 92928, Time: 04:20:21

Health: 156/156    AC: 27    Str: 16    XL:     27
Magic:  36/36      EV: 33    Int: 12    God:    Hepliaklqana [******]
Gold:   6775       SH: 11    Dex: 28    Spells: 6/54 levels left

rFire   + + +      SeeInvis .   b - +8 Vampire's Tooth {vamp}
rCold   + . .      Faith    .   r - +2 buckler {AC+3}
rNeg    . . .      Spirit   .   W - quicksilver dragon scales
rPois   .          Reflect  .   c - +1 helmet of the Watchman {rElec}
rElec   +          Harm     .   L - scarf {rC+ rF+}
rCorr   .          Rampage  +   K - +2 pair of gloves
Will    ++++.                   j - +2 pair of boots {rampage}
Stlth   ++++......              n - amulet of Vitality {RegenMP++ Regen++}
HPRegen 1.96/turn               X - ring of Ismihik {rF+ Int-2 Dex+2 Slay+3}
MPRegen 1.05/turn               V - ring "Zuraxuq" {rF+ Will+ Str+3}

@: studying 2 skills
A: reduced essence, small, no large weapons, nightstalker 3, frail 1, low MP 1,
strong 1, noise suppression
0: Orb of Zot
}: 3/15 runes: decaying, silver, gossamer
a: Renounce Religion, Recall Ancestor, Ancestor Identity, Transference, Idealise


You escaped.
You worshipped Hepliaklqana.
Hepliaklqana was exalted by your worship.
You visited 11 branches of the dungeon, and saw 51 of its levels.
You also visited: Sewer, Bailey, Ice Cave and Wizlab.

You collected 8923 gold pieces.
You spent 2148 gold pieces at shops.

Inventory:

Hand Weapons
 a - the +11 long sword of Vitzarr {vamp, Will+ Str+4 Dex+6}
   (You found it on level 3 of the Elven Halls)

   It occasionally heals its wielder for a portion of the damage dealt when it
   wounds a living foe.
   Str:       It affects your strength (+4).
   Dex:       It affects your dexterity (+6).
   Will:      It increases your willpower.
 b - the +8 Vampire's Tooth (weapon) {vamp}
   (You found it on level 3 of the Crypt)

   It occasionally heals its wielder for the full amount of damage dealt when it
   wounds a living foe.
 m - a +9 quick blade of freezing
   (You acquired it on level 5 of the Lair of Beasts)
 G - the +8 arc blade {discharge, rElec}
   (You found it on level 3 of the Elven Halls)

   It occasionally unleashes powerful arcs of lightning upon striking a foe.
   These may arc to other adjacent creatures (including the wielder, but dealing
   reduced damage to them) before grounding out.
   rElec:     It insulates you from electricity.
Missiles
 M - 6 boomerangs of dispersal (quivered)
Armour
 c - the +1 helmet of the Watchman (worn) {rElec}
   (You found it on level 1 of the Vaults)

   rElec:     It insulates you from electricity.
 j - a +2 pair of boots of rampaging (worn)
   (You bought it in a shop on level 2 of the Elven Halls)
 r - a +2 buckler of protection (worn)
   (You took it off a gnoll sergeant on level 10 of the Dungeon)
 x - the +0 ring mail of the Gravedigger {rN+ Will+}
   (You found it on level 1 of the Swamp)

   rN:        It protects you from negative energy.
   Will:      It increases your willpower.
 E - the +3 ring mail "Anoczoh" {rF+ Stlth+}
   (You found it on level 5 of the Vaults)

   rF:        It protects you from fire.
   Stlth:     It makes you more stealthy.
 K - a +2 pair of gloves (worn)
   (You found it on level 1 of the Swamp)
 L - a scarf of resistance (worn)
   (You found it on level 4 of the Spider Nest)
 S - +0 acid dragon scales
   (You found it on level 13 of the Dungeon)
 W - quicksilver dragon scales (worn)
   (You found it on level 4 of the Depths)
Jewellery
 f - the ring "Kaurue" {rN+ MP+9 Dex+5 Stlth-}
   (You found it on level 4 of the Depths)

   [ring of magical power]

   Dex:       It affects your dexterity (+5).
   rN:        It protects you from negative energy.
   MP:        It affects your magic capacity (+9).
   Stlth:     It makes you less stealthy.
 n - the amulet of Vitality (around neck) {RegenMP++ Regen++}
   (You found it on level 5 of the Vaults)

   [amulet of magic regeneration]

   It increases your rate of magic regeneration.
   Regen:     It increases your rate of health regeneration.
 A - the ring of Fatul {Fly rElec Dex+3 SInv}
   (You acquired it in a bailey)

   [ring of flight]

   Dex:       It affects your dexterity (+3).
   rElec:     It insulates you from electricity.
   SInv:      It lets you see invisible.
   Fly:       It grants you flight.
 T - a ring of protection from cold
   (You took it off an ironbound preserver on level 3 of the Vaults)
 V - the ring "Zuraxuq" (right hand) {rF+ Will+ Str+3}
   (You found it on level 2 of the Lair of Beasts)

   [ring of protection from fire]

   Str:       It affects your strength (+3).
   rF:        It protects you from fire.
   Will:      It increases your willpower.
 X - the ring of Ismihik (left hand) {rF+ Int-2 Dex+2 Slay+3}
   (You found it on level 4 of the Depths)

   [ring of protection from fire]

   Int:       It affects your intelligence (-2).
   Dex:       It affects your dexterity (+2).
   Slay:      It affects your accuracy & damage with ranged weapons and melee
   (+3).
   rF:        It protects you from fire.
 Z - the ring of Sophism {Will+ Int+3 Dex+2}
   (You found it on level 5 of the Lair of Beasts)

   [ring of willpower]

   Int:       It affects your intelligence (+3).
   Dex:       It affects your dexterity (+2).
   Will:      It increases your willpower.
Wands
 t - a wand of roots (30)
   (You found it on level 7 of the Dungeon)
 F - a wand of paralysis (39)
   (You found it on level 9 of the Dungeon)
 O - a wand of digging (14)
   (You took it off a deep elf zephyrmancer on level 3 of the Elven Halls)
 Y - a wand of acid (29)
   (You found it on level 4 of the Lair of Beasts)
Scrolls
 d - 10 scrolls of fear
 e - a scroll of magic mapping
 l - 2 scrolls of blinking
 o - 11 scrolls of teleportation
 v - 10 scrolls of fog
 w - a scroll of summoning
 y - 6 scrolls of torment
 D - 3 scrolls of brand weapon
 H - 16 scrolls of immolation
 P - 10 scrolls of enchant armour
 U - 3 scrolls of silence
Potions
 h - 12 potions of might
 i - 23 potions of curing
 p - 2 potions of invisibility
 q - 3 potions of resistance
 s - 12 potions of heal wounds
 u - 13 potions of brilliance
 z - 5 potions of ambrosia
 B - 5 potions of flight
 J - 5 potions of mutation
 N - 7 potions of haste
 Q - 10 potions of magic
Miscellaneous
 g - a phantom mirror
   (You found it on level 2 of the Vaults)
 C - a lightning rod (4/4)
   (You found it on level 12 of the Dungeon)
 I - a box of beasts
   (You found it on level 10 of the Dungeon)
 R - a phial of floods
   (You found it on level 3 of the Elven Halls)


   Skills:
 + Level 26.3 Fighting
 - Level 14.0 Short Blades
 - Level 7.0 Throwing
 - Level 13.0 Armour
 - Level 20.0 Dodging
 O Level 27 Stealth
 - Level 7.0 Shields
 - Level 3.0 Unarmed Combat
 - Level 14.0 Spellcasting
 - Level 12.0 Hexes
 + Level 23.8 Summonings
 - Level 10.0 Translocations
 - Level 2.0 Transmutations
 - Level 10.0 Invocations
 - Level 8.2 Evocations


You had 6 spell levels left.
You knew the following spells:

 Your Spells              Type           Power      Damage    Failure   Level
a - Beastly Appendage     Tmut           26%        N/A       8%          1
b - Confusing Touch       Hex            37%        N/A       1%          3
c - Slow                  Hex            100%       N/A       1%          1
d - Passage of Golubria   Tloc           32%        N/A       2%          4
e - Summon Mana Viper     Hex/Summ       51%        N/A       1%          5
f - Monstrous Menagerie   Summ           30%        N/A       1%          7
g - Malign Gateway        Summ/Tloc      24%        N/A       14%         7
h - Silence               Hex/Air        11%        N/A       38%         5
i - Summon Hydra          Summ           30%        N/A       1%          7
j - Summon Horrible Thin  Summ           30%        N/A       6%          8

Your spell library contained the following spells:

 Spells                   Type           Power      Damage    Failure   Level
 Summon Small Mammal      Summ           100%       N/A       0%          1
 Call Imp                 Summ           60%        N/A       0%          2
 Apportation              Tloc           64%        N/A       1%          1
 Blink                    Tloc           64%        N/A       1%          2
 Lesser Beckoning         Tloc           32%        N/A       1%          3
 Portal Projectile        Hex/Tloc       68%        N/A       1%          3
 Teleport Other           Tloc           32%        N/A       1%          3
 Tukima's Dance           Hex            37%        N/A       1%          3
 Summon Ice Beast         Ice/Summ       37%        N/A       1%          4
 Summon Lightning Spire   Summ/Air       37%        N/A       1%          4
 Inner Flame              Hex/Fire       22%        N/A       4%          3
 Wereblood                Tmut           13%        N/A       12%         2
 Anguish                  Hex/Necr       11%        N/A       14%         4
 Fulminant Prism          Conj/Hex       11%        3d9       14%         4
 Leda's Liquefaction      Hex/Erth       11%        N/A       14%         4
 Foxfire                  Conj/Fire      32%        2x1d5     17%         1
 Freeze                   Ice            32%        1d5       17%         1
 Necrotise                Necr           32%        1d5       17%         1
 Shock                    Conj/Air       32%        1d5       17%         1
 Passwall                 Tmut/Erth      8%         N/A       17%         2
 Iskenderun's Mystic Bla  Conj/Tloc      20%        2d6       22%         4
 Poisonous Vapours        Pois/Air       16%        N/A       26%         2
 Static Discharge         Conj/Air       8%         3-4/arc   26%         2
 Sublimation of Blood     Necr           8%         N/A       26%         2
 Yara's Violent Unravell  Hex/Tmut       12%        3d7       26%         5
 Spider Form              Tmut/Pois      10%        N/A       34%         3
 Ignite Poison            Fire/Tmut/Pois 9%         N/A       38%         3
 Metabolic Englaciation   Hex/Ice        11%        N/A       38%         5
 Dispersal                Tloc           16%        N/A       41%         6
 Conjure Flame            Conj/Fire      8%         6-21      45%         3
 Frozen Ramparts          Ice            16%        1d3       45%         3
 Mephitic Cloud           Conj/Pois/Air  8%         N/A       45%         3
 Swiftness                Air            8%         N/A       45%         3
 Vampiric Draining        Necr           8%         2d6       45%         3
 Ice Form                 Ice/Tmut       10%        N/A       75%         4
 Petrify                  Tmut/Erth      10%        N/A       75%         4
 Airstrike                Air            4%         2d(1-17)  86%         4
 Animate Dead             Necr           8%         N/A       86%         4
 Corpse Rot               Necr/Pois/Air  8%         N/A       86%         4
 Dispel Undead            Necr           8%         3d8       86%         4
 Flame Wave               Conj/Fire      8%         2d5       86%         4
 Hailstorm                Conj/Ice       8%         3d4       86%         4
 Sticky Flame             Conj/Fire      8%         2d3       86%         4
 Blade Hands              Tmut           6%         N/A       91%         5
 Irradiate                Conj/Tmut      5%         3d13      97%         5
 Agony                    Necr           8%         N/A       99%         5
 Freezing Cloud           Conj/Ice/Air   4%         6-21      99%         5
 Iskenderun's Battlesphe  Conj           8%         2d6       99%         5
 Lee's Rapid Deconstruct  Erth           4%         3d6*      99%         5
 Lightning Bolt           Conj/Air       4%         1d15      99%         5
 Conjure Ball Lightning   Conj/Air       4%         3x3d6     100%        6
 Death Channel            Necr           4%         N/A       100%        6
 Iron Shot                Conj/Erth      4%         9d2       100%        6
 Simulacrum               Ice/Necr       4%         N/A       100%        6
 Haunt                    Necr/Summ      18%        N/A       73%         7
 Spellforged Servitor     Conj/Summ      18%        N/A       73%         7
 Dragon Form              Tmut           6%         N/A       100%        7
 Ozocubu's Refrigeration  Ice            4%         4d8       100%        7
 Storm Form               Tmut/Air       5%         N/A       100%        7
 Disjunction              Tloc           16%        N/A       100%        8
 Infestation              Necr           4%         N/A       100%        8
 Lehudib's Crystal Spear  Conj/Erth      4%         10d3      100%        8
 Maxwell's Capacitive Co  Air            4%         ∞         100%        8
 Necromutation            Tmut/Necr      5%         N/A       100%        8


Dungeon Overview and Level Annotations

Branches:
Dungeon (15/15)            Temple (1/1) D:4            Lair (5/5) D:9
  Swamp (4/4) Lair:3       Spider (4/4) Lair:3        Slime (0/5) Lair:5
    Orc (2/2) D:10            Elf (3/3) Orc:2        Vaults (5/5) D:14
  Crypt (3/3) Vaults:3       Tomb (0/3) Crypt:3      Depths (4/4) D:15
    Zot (5/5) Depths:4      Sewer (visited)          Bailey (visited)
  IceCv (visited)          WizLab (visited)

Altars:
Ashenzari
Cheibriados
Dithmenos
Elyvilon
Fedhas
Gozag
Hepliaklqana
Kikubaaqudgha
Makhleb
Nemelex Xobeh
Okawaru
Qazlal
Ru
Sif Muna
Trog
Uskayaw
Vehumet
Wu Jian
Xom
Yredelemnul
Zin
The Shining One
Lugonu

Shops:
D:1 ?   D:7 :   Orc:2 !?!*   Elf:2 [:   Vaults:2 :   Vaults:5 *   Depths:2 *
Depths:4 =(

Portals:
Hell: Depths:1 Depths:2 Depths:3 Depths:4
Abyss: Depths:1 Depths:2 Depths:4
Pandemonium: Depths:2
Ziggurat: Depths:1

Annotations:
D:4 Sigmund
D:7 3 runed translucent doors, TheSexyCheese's ghost, novice HOBe
Swamp:2 1 runed translucent door, Vudadgh's ghost, adept HuWr
Spider:2 Roxanne
Orc:2 1 runed translucent door
Depths:2 exclusion: upstairs
Zot:1 1 runed translucent door, Pemander008's ghost, veteran MfDe


Innate Abilities, Weirdness & Mutations

Your life essence is reduced to manifest your ancestor. (-10% HP)
You are small and have problems with some larger weapons.
You are completely attuned to the shadows.
You are frail. (-10% HP)
Your magical capacity is low. (-10% MP)
Your muscles are strong. (Str +4, Int/Dex -1)
You passively dampen the noise of your surroundings.


Message History

A four-headed hydra appears.
* * * LOW MAGIC WARNING * * *
The electric golem's magic is no longer disrupted.
The Killer Klown says, "Come and play with me!"
The Killer Klown barely misses you.
Ano barely misses the electric golem.
The golden dragon bites you! The golden dragon misses you.
The golden dragon tramples you!
You stumble backwards!
Ano hits the electric golem with a +0 antimagic quick blade!!!
The electric golem's magic leaks into the air.
The electric golem barely misses Ano.
The electric golem hits Ano!
The electric golem shocks Ano!
Ano is destroyed!
You puncture the golden dragon!
You feel better.
The golden dragon is severely wounded.
The Killer Klown pies you viciously! The klown pie hits you!!!
Plum!
You feel light-headed.
The Killer Klown falters for a moment.
Your four-headed hydra bites the Killer Klown but does no damage.
Your four-headed hydra bites the Killer Klown!
Your four-headed hydra closely misses the Killer Klown.
Your four-headed hydra barely misses the Killer Klown.
You hit the golden dragon but do no damage.
The golden dragon is severely wounded.
The electric golem falters for a moment.
You hit the golden dragon.
You feel better.
The golden dragon is severely wounded.
Something pounds the electric golem!!
You block the golden dragon's attack. The golden dragon claws you.
The golden dragon barely misses you.
You hit the golden dragon.
You feel better.
The golden dragon is severely wounded.
The Killer Klown falters for a moment.
You hit the golden dragon.
You feel better.
The golden dragon is severely wounded.
You hit the golden dragon.
The golden dragon is severely wounded.
Your four-headed hydra barely misses the Killer Klown.
Your four-headed hydra bites the Killer Klown.
Your four-headed hydra completely misses the Killer Klown.
Your four-headed hydra bites the Killer Klown but does no damage.
You barely miss the golden dragon.
The golden dragon is severely wounded.
Your six-headed hydra closely misses the Killer Klown. x2
Your six-headed hydra bites the Killer Klown!
Your six-headed hydra barely misses the Killer Klown.
Your six-headed hydra bites the Killer Klown but does no damage. x2
Ano is still trapped in memory!
You hit the golden dragon.
The golden dragon is severely wounded.
The golden dragon breathes cold at you. The bolt of cold misses you.
You barely miss the golden dragon.
The golden dragon is severely wounded.
The Killer Klown falters for a moment.
You hit the golden dragon but do no damage.
The golden dragon is severely wounded.
You hit the golden dragon.
You feel better.
The golden dragon is almost dead.
Your four-headed hydra bites the Killer Klown but does no damage.
Your four-headed hydra barely misses the Killer Klown. x2
Your four-headed hydra bites the Killer Klown but does no damage.
You puncture the golden dragon!
The golden dragon is almost dead.
Your six-headed hydra closely misses the Killer Klown.
Your six-headed hydra completely misses the Killer Klown.
Your six-headed hydra bites the Killer Klown.
Your six-headed hydra closely misses the Killer Klown.
Your six-headed hydra completely misses the Killer Klown.
Your six-headed hydra misses the Killer Klown.
The Killer Klown pies you viciously!
The electric golem falters for a moment.
The Killer Klown seems less confused.
Your six-headed hydra bites the Killer Klown.
Your six-headed hydra bites the Killer Klown!
Your six-headed hydra misses the Killer Klown.
Your six-headed hydra bites the Killer Klown! x2
Your six-headed hydra bites the Killer Klown but does no damage.
Casting: Summon Hydra (dangerous; 3% risk of failure)
Confirm with . or Enter, or press ? or * to list all spells.
A four-headed hydra appears.
* * * LOW MAGIC WARNING * * *
The electric golem falters for a moment.
You hit the electric golem.
The electric golem is heavily damaged.
You hit the electric golem but do no damage.
The electric golem is heavily damaged.
The Killer Klown blinks!
You hit the electric golem.
The electric golem is heavily damaged.
The electric golem barely misses you.
The electric golem completely misses you.
You block the electric golem's attack.
The electric golem completely misses you.
You puncture the electric golem!
The electric golem is severely damaged.
You barely miss the electric golem.
The electric golem is severely damaged.
You puncture the electric golem!
The electric golem is severely damaged.
The electric golem falters for a moment.
You hit the electric golem.
The electric golem is severely damaged.
You puncture the electric golem!
The electric golem is almost destroyed.
You hit the electric golem but do no damage.
The electric golem is almost destroyed.
The electric golem falters for a moment.
You hit the electric golem but do no damage.
The electric golem is almost destroyed.
Your six-headed hydra closely misses the golden dragon.
Your six-headed hydra bites the golden dragon but does no damage.
Your six-headed hydra bites the golden dragon!
The golden dragon dies!
Your four-headed hydra bites the electric golem!
The electric golem is destroyed!
You feel your intelligence returning.
Your six-headed hydra disappears in a puff of smoke!
The Killer Klown falters for a moment.
You swap places.
The Killer Klown falters for a moment.
You hit the Killer Klown.
You feel better.
The Killer Klown is heavily wounded.
You hit the Killer Klown but do no damage.
The Killer Klown is heavily wounded.
The Killer Klown blinks!
You puncture the Killer Klown!
The Killer Klown is heavily wounded.
You hit the Killer Klown.
You feel better.
The Killer Klown is heavily wounded.
The Killer Klown wrestles you but does no damage.
You puncture the Killer Klown!
You feel better.
The Killer Klown is severely wounded.
You closely miss the Killer Klown.
The Killer Klown is severely wounded.
You hit the Killer Klown.
You feel better.
The Killer Klown is severely wounded.
You hit the Killer Klown but do no damage.
The Killer Klown is severely wounded.
The Killer Klown defenestrates you but does no damage.
You are poisoned.
You hit the Killer Klown.
The Killer Klown is severely wounded.
You feel sick.
The Killer Klown blinks!
You miss the Killer Klown.
The Killer Klown is severely wounded.
You feel sick.
You puncture the Killer Klown!
You feel better.
The Killer Klown is severely wounded.
The Killer Klown teases you with a +8 club of venom!
You are more poisoned.
You hit the Killer Klown but do no damage.
The Killer Klown is severely wounded.
You feel very sick.
You barely miss the Killer Klown.
The Killer Klown is severely wounded.
You feel sick.
You swap places.
You feel very sick.
The Killer Klown teases your four-headed hydra with a +8 club of venom!!
Your four-headed hydra bites the Killer Klown.
Your four-headed hydra closely misses the Killer Klown.
Your four-headed hydra misses the Killer Klown.
Your four-headed hydra completely misses the Killer Klown.
You feel very sick.
The Killer Klown hits your four-headed hydra with a +8 club of venom!!
The world stops spinning.
You feel very sick.
Your four-headed hydra bites the Killer Klown. x2
Your four-headed hydra bites the Killer Klown!
Your four-headed hydra barely misses the Killer Klown.
The Killer Klown pokes your four-headed hydra with a +8 club of venom!!
Your four-headed hydra dies!
Your four-headed hydra's corpse disappears in a puff of smoke!
The Killer Klown shouts!
You feel sick.
You rampage towards the Killer Klown!
You puncture the Killer Klown!
The Killer Klown is almost dead.
You feel sick.
You hit the Killer Klown but do no damage.
The Killer Klown is almost dead.
You hit the Killer Klown.
The Killer Klown is almost dead.
You feel sick.
The Killer Klown's magic is no longer disrupted.
The Killer Klown misses you.
You hit the Killer Klown but do no damage.
The Killer Klown is almost dead.
You feel sick.
You hit the Killer Klown.
You feel better.
The Killer Klown is almost dead.
You puncture the Killer Klown!
You feel better.
The Killer Klown is almost dead.
You feel sick.
You closely miss the Killer Klown.
The Killer Klown is almost dead.
The Killer Klown pies you viciously! You block the klown pie.
You barely miss the Killer Klown.
The Killer Klown is almost dead.
You feel sick.
You feel the dreadful sensation subside.
You feel stronger.
You feel agile.
You feel a sense of dread.
a - the +11 long sword of Vitzarr (weapon)
{vamp, Will+ Str+4 Dex+6} You feel sick.
You slice the Killer Klown!!
You feel better.
You kill the Killer Klown!
You feel sick.
You hit the Killer Klown but do no damage.
The Killer Klown is severely wounded.
You feel sick. The Killer Klown barely misses you.
You slice the Killer Klown!!
You feel better.
The Killer Klown is almost dead.
You feel sick.
The Killer Klown honks.
The Killer Klown blinks!
You feel sick.
You see here a +8 club of venom.
You rampage towards the Killer Klown!
You slice the Killer Klown!!
You feel better.
You kill the Killer Klown!
You feel sick.
You feel sick.
Things that are here:
a +12 club of distortion; a Killer Klown corpse You start resting.
HP restored.
You start resting.
You feel sick.
HP restored.
You feel sick.
You start resting.
Your extra speed is starting to run out.
You start resting.
You feel sick.
You are no longer poisoned.
You start resting.
HP restored.
You start resting.
You feel yourself slow down.
You start resting.
Magic restored.
You feel the dreadful sensation subside.
You feel strangely empty.
b - the +8 Vampire's Tooth (weapon)
{vamp} You now have 6750 gold pieces (gained 4).
You see here a +0 battleaxe.
You see here a +0 scimitar.
Really walk into a travel-excluded area?
You rampage towards the obsidian statue!
You hit the obsidian statue.
The obsidian statue is lightly damaged.
You feel the dreadful sensation subside.
You feel stronger.
You feel agile.
You feel a sense of dread.
a - the +11 long sword of Vitzarr (weapon)
{vamp, Will+ Str+4 Dex+6} The obsidian statue's eyes glow briefly.
The obsidian statue attempts to bespell you!
You resist with almost no effort.
You slash the obsidian statue!
The obsidian statue is moderately damaged.
You hit the obsidian statue.
The obsidian statue is moderately damaged.
The obsidian statue's eyes glow briefly.
You slice the obsidian statue!!
The obsidian statue is severely damaged.
The obsidian statue's eyes glow briefly.
The obsidian statue attempts to bespell you!
You resist with almost no effort.
You slice the obsidian statue!!
The obsidian statue is almost destroyed.
Ano emerges from the mists of memory!
You block the ufetubus's attack. The ufetubus completely misses you.
You hit the obsidian statue.
The obsidian statue is almost destroyed.
You block the ufetubus's attack. The ufetubus completely misses you.
The obsidian statue's eyes glow briefly.
The obsidian statue attempts to bespell you!
You resist with almost no effort. The ufetubus completely misses you.
You block the ufetubus's attack.
You slash the obsidian statue!
You destroy the obsidian statue!
The ufetubus disappears in a puff of smoke!
You feel the dreadful sensation subside.
You feel strangely empty.
b - the +8 Vampire's Tooth (weapon)
{vamp}
Found a potion of magic.
Found a scroll of fear.
Found 25 gold pieces.
Found a potion of degeneration.
An Orb Guardian is nearby!
You rampage towards the Orb Guardian!
An Orb Guardian comes into view.
Found the Orb of Zot.
You block the Orb Guardian's attack.
Casting: Summon Hydra (mildly dangerous; 1% risk of failure)
Confirm with . or Enter, or press ? or * to list all spells.
A five-headed hydra appears.
The Orb Guardian completely misses you. You block the Orb Guardian's attack.
Casting: Summon Hydra (mildly dangerous; 1% risk of failure)
Confirm with . or Enter, or press ? or * to list all spells.
A four-headed hydra appears.
The Orb Guardian completely misses you.
The Orb Guardian hits your five-headed hydra!!!
The Orb Guardian barely misses you. The Orb Guardian hits you.
Your five-headed hydra bites the Orb Guardian but does no damage.
Your five-headed hydra bites the Orb Guardian! x2
Your five-headed hydra bites the Orb Guardian.
Your five-headed hydra bites the Orb Guardian but does no damage.
Ano gestures wildly while chanting.
The Orb Guardian resists with almost no effort. x5
The Orb Guardian hits your five-headed hydra!!!
Your five-headed hydra dies!
Your five-headed hydra's corpse disappears in a puff of smoke!
Casting: Summon Hydra (mildly dangerous; 1% risk of failure)
Confirm with . or Enter, or press ? or * to list all spells.
An eight-headed hydra appears.
The Orb Guardian hits you!! The Orb Guardian completely misses you.
Your four-headed hydra bites the Orb Guardian but does no damage. x2
Your four-headed hydra bites the Orb Guardian.
Your four-headed hydra bites the Orb Guardian but does no damage.
Ano gestures wildly while chanting.
Ano seems to speed up.
You feel yourself speed up. The Orb Guardian hits you!!
The Orb Guardian hits you but does no damage.
The Orb Guardian completely misses you.
The Orb Guardian hits your eight-headed hydra!!
The Orb Guardian hits you!
Ano points at the Orb Guardian and mumbles some strange words.
The Orb Guardian resists with almost no effort.
The Orb Guardian completely misses you. The Orb Guardian misses you.
Your four-headed hydra bites the Orb Guardian but does no damage.
Your four-headed hydra barely misses the Orb Guardian.
Your four-headed hydra bites the Orb Guardian.
Your four-headed hydra completely misses the Orb Guardian.
Your eight-headed hydra bites the Orb Guardian!
Your eight-headed hydra closely misses the Orb Guardian.
Your eight-headed hydra bites the Orb Guardian!
Your eight-headed hydra bites the Orb Guardian but does no damage.
Your eight-headed hydra bites the Orb Guardian!
Your eight-headed hydra bites the Orb Guardian.
Your eight-headed hydra closely misses the Orb Guardian.
Your eight-headed hydra bites the Orb Guardian but does no damage.
The Orb Guardian completely misses you.
Okay, then.
You swap places.
The Orb Guardian hits your four-headed hydra!!!
The Orb Guardian misses Ano.
Ano hits the Orb Guardian with a +0 antimagic quick blade.
The Orb Guardian hits Ano!! x2; The Orb Guardian hits you.
Ano hits the Orb Guardian with a +0 antimagic quick blade!
You hit the Orb Guardian.
You feel better.
The Orb Guardian is lightly wounded.
The Orb Guardian hits your four-headed hydra!!
Your four-headed hydra dies!
Your four-headed hydra's corpse disappears in a puff of smoke!
The Orb Guardian hits Ano!!
Your eight-headed hydra bites the Orb Guardian!
Your eight-headed hydra closely misses the Orb Guardian.
Your eight-headed hydra bites the Orb Guardian!
Your eight-headed hydra bites the Orb Guardian.
Your eight-headed hydra bites the Orb Guardian!
The Orb Guardian dies!
Your eight-headed hydra bites the Orb Guardian!
Your eight-headed hydra bites the Orb Guardian.
Your eight-headed hydra bites the Orb Guardian but does no damage.
Ano points at the Orb Guardian and mumbles some strange words.
The Orb Guardian resists with almost no effort.
You hit the Orb Guardian.
You feel better.
The Orb Guardian is lightly wounded.
You hit the Orb Guardian.
You feel better.
The Orb Guardian is lightly wounded.
The Orb Guardian hits Ano.
The Orb Guardian hits you!!
* * * LOW HITPOINT WARNING * * *
Hepliaklqana grants Ano healing and protection!
Ano is fully restored!
The Orb Guardian hits Ano!
Ano casts a spell at the Orb Guardian.
The Orb Guardian resists with almost no effort.
Your eight-headed hydra closely misses the Orb Guardian.
Your eight-headed hydra bites the Orb Guardian.
Your eight-headed hydra misses the Orb Guardian.
Your eight-headed hydra bites the Orb Guardian.
Your eight-headed hydra bites the Orb Guardian but does no damage.
Your eight-headed hydra bites the Orb Guardian!
Your eight-headed hydra closely misses the Orb Guardian.
Your eight-headed hydra barely misses the Orb Guardian.
The Orb Guardian hits Ano!!
The Orb Guardian completely misses you.
You hit the Orb Guardian but do no damage.
The Orb Guardian is lightly wounded.
The Orb Guardian hits Ano!!
Ano hits the Orb Guardian with a +0 antimagic quick blade!!!
You hit the Orb Guardian but do no damage.
The Orb Guardian is lightly wounded.
The Orb Guardian hits Ano!!
You hit the Orb Guardian.
You feel better.
The Orb Guardian is lightly wounded.
Ano hits the Orb Guardian with a +0 antimagic quick blade!!
The Orb Guardian hits Ano!
Casting: Summon Hydra (mildly dangerous; 1% risk of failure)
Confirm with . or Enter, or press ? or * to list all spells.
A six-headed hydra appears.
The Orb Guardian hits you but does no damage.
The Orb Guardian hits Ano.
Ano hits the Orb Guardian with a +0 antimagic quick blade!!
A moth of wrath comes into view.
Your eight-headed hydra bites the Orb Guardian. x2
Your eight-headed hydra closely misses the Orb Guardian.
Your eight-headed hydra bites the Orb Guardian.
Your eight-headed hydra bites the Orb Guardian but does no damage. x2
Your eight-headed hydra closely misses the Orb Guardian.
Your eight-headed hydra bites the Orb Guardian.
The Orb Guardian closely misses Ano.
Ano hits the Orb Guardian with a +0 antimagic quick blade!!
The Orb Guardian hits Ano!!
Ano is destroyed!
The Orb Guardian hits your eight-headed hydra.
The moth of wrath bites you but does no damage.
Your eight-headed hydra bites the Orb Guardian!
Your eight-headed hydra closely misses the Orb Guardian. x2
Your eight-headed hydra bites the Orb Guardian but does no damage.
Your eight-headed hydra bites the Orb Guardian!
Your eight-headed hydra bites the Orb Guardian but does no damage.
Your eight-headed hydra bites the Orb Guardian. x2
Aiming: Corrosive Bolt
Press: ? - help, Shift-Dir - straight line, f - moth of wrath
Aim: a moth of wrath (74% to hit)
The bolt of acid hits the moth of wrath!!
The acid corrodes the moth of wrath!
The moth of wrath is moderately wounded.
The Orb Guardian closely misses you.
The Orb Guardian hits your eight-headed hydra!! x2
Your eight-headed hydra dies!
Your eight-headed hydra's corpse disappears in a puff of smoke!
The moth of wrath goads the Orb Guardian on!
The Orb Guardian goes berserk!
Aiming: Corrosive Bolt
Press: ? - help, Shift-Dir - straight line, f/p - moth of wrath
Aim: a moth of wrath (moderately wounded, covered in acid, 74% to hit)
Okay, then.
Blink to where?
Press: ? - help, Dir - move target, p - moth of wrath
As you read the scroll of blinking, it crumbles to dust.
As you read the scroll of summoning, it crumbles to dust.
Wisps of shadow whirl around you...
The Orb Guardian hits your moth of wrath!!
Okay, then.
Casting: Summon Hydra (mildly dangerous; 1% risk of failure)
Confirm with . or Enter, or press ? or * to list all spells.
An eight-headed hydra appears.
The Orb Guardian hits your moth of wrath!!!
Your moth of wrath dies!
Your moth of wrath's corpse dissolves into shadows!
Casting: Summon Hydra (mildly dangerous; 1% risk of failure)
Confirm with . or Enter, or press ? or * to list all spells.
An eight-headed hydra appears.
* * * LOW MAGIC WARNING * * *
Your death cob hits the moth of wrath!!
The Orb Guardian misses you.
Your moth of wrath goads your eight-headed hydra on!
Your eight-headed hydra goes berserk!
Your death cob hits the moth of wrath!
Your death cob drains the moth of wrath's vigour!
The moth of wrath seems to slow down.
The moth of wrath bites your death cob!!
Your eight-headed hydra bites the Orb Guardian but does no damage.
Your eight-headed hydra completely misses the Orb Guardian.
Your eight-headed hydra misses the Orb Guardian.
Your eight-headed hydra bites the Orb Guardian but does no damage.
Your eight-headed hydra bites the Orb Guardian!
Your eight-headed hydra closely misses the Orb Guardian.
Your eight-headed hydra bites the Orb Guardian but does no damage.
Your eight-headed hydra closely misses the Orb Guardian.
Your death cob hits the moth of wrath!!
The moth of wrath dies!
You catch the helpless Orb Guardian completely off-guard!
You skewer the Orb Guardian like a kebab!!!!
The Orb Guardian is almost dead.
The Orb Guardian hits you but does no damage.
You closely miss the Orb Guardian.
The Orb Guardian is almost dead.
You puncture the Orb Guardian!
The Orb Guardian is almost dead.
Your eight-headed hydra misses the Orb Guardian.
Your eight-headed hydra bites the Orb Guardian!
The Orb Guardian dies!
You swap places.
Your eight-headed hydra is no longer berserk.
Your eight-headed hydra disappears in a puff of smoke!
You rampage towards the Orb Guardian!
The Orb Guardian completely misses you.
You hit the Orb Guardian.
You feel better.
The Orb Guardian is almost dead.
The Orb Guardian hits you.
You barely miss the Orb Guardian.
The Orb Guardian is almost dead.
You hit the Orb Guardian.
You feel better.
The Orb Guardian is almost dead.
Your death cob hits the Orb Guardian.
Your death cob drains the Orb Guardian's vigour!
The Orb Guardian seems to slow down.
You puncture the Orb Guardian!
You feel better.
The Orb Guardian is almost dead.
Your eight-headed hydra disappears in a puff of smoke!
You block the Orb Guardian's attack.
You hit the Orb Guardian but do no damage.
The Orb Guardian is almost dead.
You hit the Orb Guardian.
You kill the Orb Guardian!
Your death cob hits the Orb Guardian.
Your death cob drains the Orb Guardian's vigour!
The Orb Guardian seems to slow down.
Your death cob hits the Orb Guardian.
You catch the helpless Orb Guardian completely off-guard!
You spit the Orb Guardian like a pig!!!!
You feel better.
You kill the Orb Guardian!
Your death cob closely misses the Orb Guardian.
The Orb Guardian barely misses you.
You hit the Orb Guardian but do no damage.
The Orb Guardian is heavily wounded.
Your death cob hits the Orb Guardian!!
Your death cob drains the Orb Guardian's vigour!
The Orb Guardian seems to slow down.
You puncture the Orb Guardian!
You feel better.
The Orb Guardian is almost dead.
You puncture the Orb Guardian!
You feel better.
The Orb Guardian is almost dead.
Your death cob barely misses the Orb Guardian.
You puncture the Orb Guardian!
You feel better.
You kill the Orb Guardian!
No target in view!
You see here the Orb of Zot.
You start resting.
Your extra speed is starting to run out.
You start resting.
HP restored.
You feel yourself slow down.
Your death cob dissolves into shadows!
You swap places.
You see here the Orb of Zot.
You feel yourself speed up.
You pick up the Orb of Zot!
The Orb lets out a hideous shriek!
The lords of Pandemonium are not amused.
Beware!
Now all you have to do is get back out of the dungeon!
Magic restored.
Ano emerges from the mists of memory!
An Orb Guardian comes into view.
An Orb Guardian is nearby!
Your moth of wrath dissolves into shadows!
Ano hits the Orb Guardian with a +0 antimagic quick blade!!
The Orb Guardian hits Ano!!
Ano mumbles some strange words.
Ano seems to speed up.
Something hits Ano!!
You now have 6775 gold pieces (gained 25).
Ano points at the Orb Guardian and mumbles some strange words.
The Orb Guardian resists with almost no effort.
Ano barely misses the Orb Guardian.
Casting: Summon Hydra (mildly dangerous; 1% risk of failure)
Confirm with . or Enter, or press ? or * to list all spells.
An eight-headed hydra appears.
Ano mumbles some strange words.
The Orb Guardian resists with almost no effort.
Casting: Summon Hydra (mildly dangerous; 1% risk of failure)
Confirm with . or Enter, or press ? or * to list all spells.
A six-headed hydra appears.
Ano hits the Orb Guardian with a +0 antimagic quick blade.
Ano hits the Orb Guardian with a +0 antimagic quick blade!!
The Orb Guardian hits Ano!!
The Orb Guardian closely misses Ano.
What are your orders? t - Shout!
Orders for allies: a - Attack new target. r - Retreat! s - Stop attacking. g - Guard the area. f - Follow me.
Anything else - Cancel.
Gang up on whom?
Press: ? - help, Dir - move target, f - Orb Guardian
Aim: an Orb Guardian (severely wounded, not watching you, ally target) Attack!
Ano gestures wildly while chanting.
The Orb Guardian resists with almost no effort.
Your six-headed hydra bites the Orb Guardian!
Your six-headed hydra misses the Orb Guardian.
Your six-headed hydra bites the Orb Guardian but does no damage.
Your six-headed hydra closely misses the Orb Guardian.
Your six-headed hydra bites the Orb Guardian but does no damage. x2
Something hits your six-headed hydra!
A demonic crawler comes into view.
The demonic crawler moves out of view.
You see here a +0 great mace.
Something hits your six-headed hydra!!
You rampage towards the demonic crawler!
You hit the demonic crawler.
The demonic crawler is lightly wounded.
The demonic crawler closely misses you. You block the demonic crawler's attack.
The demonic crawler closely misses you.
You hit the demonic crawler.
The demonic crawler is lightly wounded.
You hit the demonic crawler but do no damage.
The demonic crawler is lightly wounded.
Your extra speed is starting to run out.
The demonic crawler completely misses you.
The demonic crawler hits you but does no damage.
The demonic crawler misses you.
Something hits Ano!!
The demonic crawler shrieks in warning!
Your eight-headed hydra disappears in a puff of smoke!
You see here a +0 battleaxe.
Things that are here:
a +12 club of distortion; a Killer Klown corpse You see here a golden dragon corpse.
You feel yourself slow down.
The demonic crawler shrieks in warning!
You hear a shout!
You see here a +8 club of venom.
You see here a moth of wrath corpse.
Ano points at the demonic crawler and mumbles some strange words.
The demonic crawler resists with almost no effort.
The demonic crawler shrieks in warning!
Found 29 gold pieces.
Ano gestures at the demonic crawler while chanting.
The demonic crawler resists with almost no effort.
The demonic crawler attacks as you move away!
The demonic crawler barely misses you.
The demonic crawler completely misses you.
You block the demonic crawler's attack.
The demonic crawler attacks as you move away!
The demonic crawler completely misses you.
The demonic crawler misses you.
The demonic crawler completely misses you.
Ano mumbles some strange words.
The Orb Guardian resists with almost no effort.
The demonic crawler resists with almost no effort.
The demonic crawler attacks as you move away!
The demonic crawler completely misses you.
The demonic crawler closely misses you. The demonic crawler misses you.
Ano mumbles some strange words.
The Orb Guardian resists with almost no effort.
The demonic crawler resists with almost no effort.
The demonic crawler completely misses you. x2
You block the demonic crawler's attack.
The demonic crawler attacks as you move away!
The demonic crawler completely misses you.
The demonic crawler barely misses you.
The demonic crawler completely misses you.
Ano casts a spell.
The Orb Guardian resists with almost no effort.
The demonic crawler resists with almost no effort.
The demonic crawler attacks as you move away!
The demonic crawler closely misses you. x3
The demonic crawler shrieks in warning!
Ano disappears!
A balrug and 4 sun demons come into view.
The sun demon moves out of view.
There is a stone staircase leading up here.
You can't go down here!
The sun demon shouts! x2
You climb upwards.
There is a stone staircase leading down here.
There is a stone staircase leading up here.
You climb upwards.
There is a stone staircase leading down here.
There is a fountain of clear blue water here.
There is an open door here.
There is a stone staircase leading up here.
You climb upwards.
There is a stone staircase leading down here.
Things that are here:
a +1 cloak; a +0 rapier
There is a stone staircase leading up here.
You climb upwards.
Level annotation: 1 runed translucent door, Pemander008's ghost, veteran MfDe
There is a stone staircase leading down here.
There is a stone staircase leading down here.
You see here a +0 club.
Things that are here:
a +0 cloak; a +0 long sword
There is a gate leading back out of this place here.
You go up through the gate.
Welcome back to the Depths!
There is a gate to the Realm of Zot here.
Things that are here:
a +2 cloak of willpower; a +0 whip
There is an open door here.
Things that are here:
a +0 plate armour; a +0 battleaxe
There is an open door here.
There is an escape hatch in the ceiling here.
A mysterious force pulls you upwards. The hatch slams shut behind you.
A green death comes into view.
You can't go up here!
You see here 5 stones.
You see here 4 stones.
An Orb Guardian comes into view.
Casting: Summon Hydra (mildly dangerous; 1% risk of failure)
Confirm with . or Enter, or press ? or * to list all spells.
You don't know that spell.
Ano is recalled.
Casting: Summon Hydra (mildly dangerous; 1% risk of failure)
Confirm with . or Enter, or press ? or * to list all spells.
A four-headed hydra appears.
The Orb Guardian hits you but does no damage.
Ano points at the Orb Guardian and mumbles some strange words.
The Orb Guardian resists with almost no effort.
Casting: Summon Hydra (mildly dangerous; 1% risk of failure)
Confirm with . or Enter, or press ? or * to list all spells.
A four-headed hydra appears.
The Orb Guardian misses you.
You swap places.
The Orb Guardian completely misses you.
The Orb Guardian hits you but does no damage.
Your four-headed hydra barely misses the Orb Guardian.
Your four-headed hydra bites the Orb Guardian. x2
Your four-headed hydra bites the Orb Guardian!
Your four-headed hydra bites the Orb Guardian.
Your four-headed hydra bites the Orb Guardian but does no damage.
Your four-headed hydra bites the Orb Guardian.
Your four-headed hydra bites the Orb Guardian but does no damage.
You swap places.
You block the Orb Guardian's attack.
Your four-headed hydra bites the Orb Guardian!
Your four-headed hydra closely misses the Orb Guardian.
Your four-headed hydra misses the Orb Guardian.
Your four-headed hydra bites the Orb Guardian!
The Orb Guardian hits your four-headed hydra.
The Orb Guardian hits your four-headed hydra!
Your four-headed hydra barely misses the Orb Guardian.
Your four-headed hydra closely misses the Orb Guardian.
Your four-headed hydra bites the Orb Guardian.
Your four-headed hydra bites the Orb Guardian! x2
Your four-headed hydra bites the Orb Guardian but does no damage. x2
Your four-headed hydra barely misses the Orb Guardian.
The Orb Guardian hits your four-headed hydra!
Ano gestures at the Orb Guardian while chanting.
The Orb Guardian resists with almost no effort.
Your four-headed hydra bites the Orb Guardian!
Your four-headed hydra barely misses the Orb Guardian.
Your four-headed hydra bites the Orb Guardian.
Your four-headed hydra bites the Orb Guardian but does no damage.
Your four-headed hydra bites the Orb Guardian!
The Orb Guardian dies!
There's nothing to close nearby.
Unknown command.
Aiming: Dig
Press: ? - help, Shift-Dir - straight line A rock wall.
This square is covered in magical glow.
The rock shatters into small pieces.
A hellephant comes into view.
The hellephant blinks!
Your four-headed hydra closely misses the hellephant.
Your four-headed hydra bites the hellephant!
Your four-headed hydra barely misses the hellephant.
Your four-headed hydra bites the hellephant but does no damage.
There is a stone staircase leading up here.
Ano gestures wildly while chanting.
Ano seems to speed up.
You climb upwards.
Level annotation: exclusion: upstairs
There is a stone staircase leading down here.
Ano is recalled.
You swap places.
There is an open door here.
There is a stone staircase leading up here.
You climb upwards.
There is a stone staircase leading down here.
You swap places.
You see here 3 large rocks.
There is a stone staircase leading down here.
There is a staircase back to the Dungeon here.
You climb upwards.
Welcome back to the Dungeon!
There is a staircase to the Depths here.
You swap places.
An Orb Guardian comes into view.
Casting: Summon Hydra (mildly dangerous; 1% risk of failure)
Confirm with . or Enter, or press ? or * to list all spells.
A four-headed hydra appears.
Ano mumbles some strange words.
Ano seems to speed up.
Casting: Summon Hydra (mildly dangerous; 1% risk of failure)
Confirm with . or Enter, or press ? or * to list all spells.
A four-headed hydra appears.
You hit the Orb Guardian but do no damage.
Ano casts a spell at the Orb Guardian.
The Orb Guardian resists with almost no effort.
The Orb Guardian hits you.
You hit the Orb Guardian.
You feel better.
The Orb Guardian is lightly wounded.
Ano hits the Orb Guardian with a +0 antimagic quick blade!
You closely miss the Orb Guardian.
The Orb Guardian is moderately wounded.
The Orb Guardian closely misses you.
Your four-headed hydra bites the Orb Guardian.
Your four-headed hydra barely misses the Orb Guardian.
Your four-headed hydra misses the Orb Guardian.
Your four-headed hydra completely misses the Orb Guardian.
Ano hits the Orb Guardian with a +0 antimagic quick blade.
You hit the Orb Guardian.
The Orb Guardian is moderately wounded.
Ano hits the Orb Guardian with a +0 antimagic quick blade.
You hit the Orb Guardian but do no damage.
The Orb Guardian is moderately wounded.
You block the Orb Guardian's attack.
Ano hits the Orb Guardian with a +0 antimagic quick blade!
You hit the Orb Guardian but do no damage.
The Orb Guardian is heavily wounded.
Ano hits the Orb Guardian but does no damage.
Your four-headed hydra closely misses the Orb Guardian.
Your four-headed hydra bites the Orb Guardian. x2
Your four-headed hydra completely misses the Orb Guardian.
You closely miss the Orb Guardian.
The Orb Guardian is heavily wounded.
Ano hits the Orb Guardian but does no damage.
The Orb Guardian hits Ano!!
You hit the Orb Guardian but do no damage.
The Orb Guardian is heavily wounded.
Ano gestures at the Orb Guardian while chanting.
The Orb Guardian resists with almost no effort.
You catch the helpless Orb Guardian completely off-guard!
You perforate the Orb Guardian like a sieve!!!
You kill the Orb Guardian!
You hear a grinding noise.
No target in view!
No target in view!
(D) Dungeon (T) Temple (L) Lair (S) Swamp (N) Spider Nest (M) Slime Pits (O) Orcish Mines (E) Elven Halls (V) Vaults (C) Crypt (W) Tomb (U) Depths (H) Hell (Z) Zot
Where to? (Enter - D:15 @ (x,y), ? - help)
You hear a grinding noise.
There is an open door here.
A cacodemon comes into view.
Your four-headed hydra disappears in a puff of smoke!
An orange demon comes into view.
You swap places.
Ano hits the cacodemon but does no damage.
Ano barely misses the cacodemon.
Ano closely misses the cacodemon.
The cacodemon hits Ano!!
The cacodemon hits Ano.
Ano hits the cacodemon with a +0 antimagic quick blade!
The cacodemon's magic leaks into the air.
Ano gestures wildly while chanting.
The cacodemon resists with almost no effort.
The orange demon resists with almost no effort.
The cacodemon hits Ano! x2
You swap places.
Your four-headed hydra disappears in a puff of smoke!
Ano mumbles some strange words.
The cacodemon resists with almost no effort.
The orange demon appears confused.
Ano hits the cacodemon with a +0 antimagic quick blade!
The cacodemon's magic leaks into the air.
The cacodemon falters for a moment.
You puncture the orange demon!
The orange demon is moderately wounded.
Ano casts a spell.
The cacodemon resists with almost no effort.
The orange demon easily resists.
You hit the orange demon.
The orange demon is moderately wounded.
You hit the orange demon.
The orange demon is heavily wounded.
Ano hits the cacodemon with a +0 antimagic quick blade.
The cacodemon's magic leaks into the air.
The cacodemon falters for a moment.
The orange demon stings Ano!
The orange demon barely misses Ano.
You catch the helpless orange demon completely off-guard!
You spit the orange demon like a pig!!!!
You kill the orange demon!
Ano hits the cacodemon with a +0 antimagic quick blade!
The cacodemon's magic leaks into the air.
An Orb Guardian comes into view.
Ano hits the cacodemon with a +0 antimagic quick blade!
The cacodemon's magic leaks into the air.
Ano hits the cacodemon with a +0 antimagic quick blade.
The cacodemon's magic leaks into the air.
The cacodemon hits Ano! x2; Ano closely misses the cacodemon.
The Orb Guardian moves out of view.
Casting: Summon Hydra (mildly dangerous; 1% risk of failure)
Confirm with . or Enter, or press ? or * to list all spells.
A mana viper appears with a sibilant hiss.
Ano mumbles some strange words.
The cacodemon resists with almost no effort.
The cacodemon hits Ano but does no damage.
The cacodemon hits Ano.
Ano hits the cacodemon but does no damage.
You catch the helpless cacodemon completely off-guard!
You spit the cacodemon like a pig!!!!
You kill the cacodemon!
Your mana viper barely misses the Orb Guardian.
Ano misses the Orb Guardian.
The Orb Guardian hits your mana viper but does no damage.
Ano hits the Orb Guardian with a +0 antimagic quick blade!
Your mana viper bites the Orb Guardian!
Ano hits the Orb Guardian with a +0 antimagic quick blade!
Ano gestures wildly while chanting.
The Orb Guardian resists with almost no effort.
The Orb Guardian hits your mana viper!!
Your mana viper bites the Orb Guardian but does no damage.
The Orb Guardian hits your mana viper!
Ano hits the Orb Guardian with a +0 antimagic quick blade.
Hepliaklqana grants Ano healing and protection!
Ano is healed somewhat.
Ano hits the Orb Guardian with a +0 antimagic quick blade.
Your mana viper bites the Orb Guardian but does no damage.
Ano hits the Orb Guardian with a +0 antimagic quick blade.
The Orb Guardian hits your mana viper!!
Your mana viper dies!
Your mana viper disappears in a puff of smoke!
Ano closely misses the Orb Guardian.
You swap places.
The Orb Guardian completely misses you.
Ano gestures wildly while chanting.
The Orb Guardian resists with almost no effort.
You completely miss the Orb Guardian.
The Orb Guardian is heavily wounded.
You block the Orb Guardian's attack.
You puncture the Orb Guardian!
The Orb Guardian is heavily wounded.
Ano hits the Orb Guardian with a +0 antimagic quick blade!!
You catch the helpless Orb Guardian completely off-guard!
You spit the Orb Guardian like a pig!!!
You kill the Orb Guardian!
You swap places.
Things that are here:
a +0 robe; a +0 long sword Ano loses the glow of perfection.
Ano is no longer moving quickly.
Ancestor HP restored.
There is a stone staircase leading up here.
You climb upwards.
There is a stone staircase leading down here.
You see here a +0 halberd of distortion.
There is a stone staircase leading up here.
You climb upwards.
There is a stone staircase leading down here.
You swap places.
An efreet comes into view.
It is wielding a +0 scimitar of flaming.
You can't go up here!
Ano casts a spell.
The efreet appears confused.
There is a stone staircase leading up here.
You climb upwards.
There is a stone staircase leading down here.
There is a stone staircase leading up here.
Ano is recalled.
Magic restored.
You climb upwards.
There is a stone staircase leading down here.
There is a stone staircase leading up here.
You climb upwards.
There is a stone staircase leading down here.
You swap places.
There is an open door here.
A Tzitzimitl comes into view.
You can't go up here!
You feel yourself speed up.
Ano gestures wildly while chanting.
Ano seems to speed up.
You see here a +0 morningstar.
There is a stone staircase leading up, spattered with blood here.
You climb upwards.
There is a stone staircase leading down, spattered with blood here.
Your extra speed is starting to run out.
There is a stone staircase leading up here.
You climb upwards.
You feel yourself slow down.
There is a stone staircase leading down here.
Ano is no longer moving quickly.
There is a stone staircase leading up here.
You climb upwards.
Level annotation: 3 runed translucent doors, TheSexyCheese's ghost, novice HOBe
There is a stone staircase leading down here.
You swap places.
There is a stone staircase leading up here.
You climb upwards.
The orc shouts!
The orc throws a stone.
You block the stone.
There is a stone staircase leading down here.
You swap places.
Ano casts a spell at the orc.
The orc suddenly stops moving!
Ano hits the orc with a +0 antimagic quick blade!
The orc dies!
There is a stone staircase leading up here.
You climb upwards.
There is a stone staircase leading down here.
There is an escape hatch in the ceiling here.
A mysterious force pulls you upwards. The hatch slams shut behind you.
Level annotation: Sigmund
There is a stone staircase leading up here.
You climb upwards.
A sun demon comes into view.
There is a stone staircase leading down here.
A sun demon is nearby!
You swap places.
Ano mumbles some strange words.
The sun demon resists with almost no effort.
Ano hits the sun demon with a +0 antimagic quick blade!
Ano casts a spell.
The sun demon appears confused.
Ano casts a spell at the sun demon.
The sun demon resists with almost no effort.
The sun demon hits something!
Something is engulfed in flames!
A smoke demon comes into view.
There is an escape hatch in the ceiling here.
A mysterious force pulls you upwards. The hatch slams shut behind you.
Ano is recalled.
Unknown command.
Magic restored.
Ancestor HP restored.
There is a stone staircase leading up here.
You climb upwards.
There is a stone staircase leading down here.
There is a staircase leading out of the dungeon here.
You have escaped!

...# #.#.#........# #.# ...#
#.#.##'#+###.# #.# #'##
#......#.# #.#########.#
#.######......#.# #...........#
................# ##....#######
................####...##
..####...#....###......#
)........+....#..R#....##########
.........#....#.@.#....#.........
.........#....#...#.##.#.........
.........#....#####.##.#.........
................#......#........#
.#..............####............#
.#.......#....##................#
.#.......#######................#
.+.......#######.......##########
.#.###.#.##......................


You could see the friendly Ano the hexer.

Vanquished Creatures
  3 dread liches
  3 orbs of fire
  Mara (Swamp:3)
  Mennas (Depths:3)
  Sojobo (Crypt:1)
  Bai Suzhen (Crypt:1)
  6 Killer Klowns (Zot:5)
  3 curse toes (Zot:5)
  Xtahua (Vaults:3)
  2 golden dragons (Depths:4)
  Arachne (Spider:2)
  A shard shrike zombie (Crypt:2)
  An electric golem (Zot:1)
  2 hellephants (Depths:2)
  2 walking crystal tomes (Depths:4)
  Zenata (Crypt:1)
  Rupert (D:13)
  20 Orb Guardians
  4 liches
  8 tentacled monstrosities
  Frances (Swamp:2)
  A walking divine tome (Depths:4)
  3 acid blobs (Depths:3)
  4 deep elf master archers (Elf:3)
  3 deep elf blademasters (Elf:3)
  2 titans
  7 quicksilver dragons
  5 sphinxes
  A thorn hunter (Swamp:4)
  3 ancient champions
  9 shadow dragons
  10 death cobs
  10 tengu reavers
  Kirke (Spider:2)
  5 draconian monks
  11 storm dragons
  8 fire giants
  2 azure jellies (Depths:3)
  13 vault wardens
  Aizul (Vaults:3)
  4 deep elf sorcerers
  An orc warlord (Depths:4)
  4 draconian knights
  8 emperor scorpions
  Louise (Depths:2)
  7 draconian scorchers
  A juggernaut zombie (Crypt:1)
  8 frost giants
  5 ghost moths
  A cacodemon (D:15)
  A spriggan defender (Depths:4)
  A deep elf elementalist (Elf:3)
  2 quicksilver oozes
  7 war gargoyles
  11 ghouls
  13 stone giants
  4 draconian stormcallers
  A draconian shifter (Zot:3)
  16 very ugly things
  20 ironbound preservers
  3 curse skulls
  2 broodmothers (Spider:3)
  7 draconian annihilators
  A juggernaut skeleton (Depths:3)
  2 deep elf demonologists
  4 purple draconians
  10 ironbound thunderhulks
  8 green draconians
  5 vampire knights
  3 eleionomae
  12 red draconians
  9 yellow draconians
  4 black draconians
  A deep elf annihilator (Elf:3)
  3 dire elephants
  5 entropy weavers
  2 bunyips (Swamp:4)
  12 white draconians
  A bunyip (shapeshifter) (Depths:1)
  An eidolon (Crypt:1)
  12 spark wasps
  6 nameless horrors
  9 ettins
  4 mummy priests (Crypt:3)
  3 crystal guardians (WizLab)
  5 deep elf death magi
  2 shambling mangroves
  6 jiangshi
  6 fire dragons
  A merfolk impaler (Depths:2)
  A deep elf high priest (Vaults:5)
  17 yaktaur captains
  7 great orbs of eyes
  29 vault guards
  7 ice dragons
  22 hydras
  7 boulder beetles
  A hydra (shapeshifter) (Depths:2)
  An ice dragon (shapeshifter) (Vaults:5)
  A caustic shrike simulacrum (Depths:3)
  6 ogre magi
  3 peacekeepers
  A merfolk avatar (Lair:5)
  A catoblepas (D:14)
  3 rakshasas
  3 alligators
  2 death knights (Crypt:2)
  4 spriggan air magi
  A radroach (Spider:1)
  2 jorogumos
  9 two-headed ogres
  20 centaur warriors
  7 ironbound frosthearts
  Erica (D:10)
  A spriggan skeleton (Crypt:1)
  3 deep troll shamans
  7 tengu warriors
  5 vampire magi
  5 deep troll earth magi
  19 dancing weapons
  5 hell hogs (Depths:2)
  4 death yaks (Lair:5)
  11 spriggan berserkers
  An emperor scorpion zombie (Crypt:3)
  8 spriggans
  5 hell knights
  A storm dragon zombie (Depths:3)
  2 soul eaters (Crypt:2)
  15 deep elf knights
  A golden dragon zombie (Depths:2)
  2 iron trolls
  2 shadow wraiths (Crypt:2)
  10 steelbarb worms
  A sun moth (Spider:4)
  9 pharaoh ants
  A spriggan druid (Swamp:3)
  5 flayed ghosts
  4 goliath frogs
  22 skeletal warriors
  12 deep elf archers
  61 deep trolls
  10 phantasmal warriors
  3 glowing orange brains
  10 orb spiders
  Pikel (D:4)
  10 bog bodies
  12 lindwurms
  A glowing orange brain (shapeshifter) (Vaults:5)
  12 swamp dragons
  An obsidian statue (Zot:5)
  20 deep elf zephyrmancers
  6 necromancers
  An iron giant skeleton (Crypt:1)
  9 wizards
  11 ironbound convokers
  A lindwurm (shapeshifter) (D:13)
  2 orange crystal statues (Zot:1)
  3 orc knights
  13 wolf spiders
  41 ugly things
  11 harpies
  A jorogumo zombie (Crypt:2)
  2 orc sorcerers
  A wolf spider (shapeshifter) (Depths:4)
  27 deep elf pyromancers
  A shining eye (Depths:3)
  4 oklob plants (Zot:1)
  3 elephants
  8 cyclopes
  4 manticores
  4 will-o-the-wisps
  24 moths of wrath
  3 salamanders (WizLab)
  A stone giant skeleton (Crypt:1)
  A naga zombie (Crypt:1)
  2 guardian serpents (Depths:4)
  2 naga magi (Vaults:1)
  4 black mambas
  2 water nymphs (shapeshifter)
  A titan simulacrum (Crypt:1)
  14 vault sentinels
  2 ice statues (IceCv)
  2 molten gargoyles (WizLab)
  An orange demon (D:15)
  An alligator snapping turtle zombie (Crypt:1)
  2 torpor snails
  10 cane toads
  10 gargoyles
  A death yak zombie (Crypt:3)
  2 unseen horrors
  A white draconian skeleton (Crypt:3)
  3 kobold demonologists
  A dire elephant skeleton (Crypt:1)
  8 komodo dragons
  A grey draconian zombie (Crypt:3)
  A rime drake (Lair:4)
  9 demonic crawlers
  3 freezing wraiths
  31 yaktaurs
  14 trolls
  A yellow draconian skeleton (Crypt:3)
  An anaconda simulacrum (IceCv)
  22 guardian mummies (Crypt:3)
  3 ice devils (IceCv)
  8 polar bears
  A queen bee (Swamp:2)
  A bloated husk (Swamp:1)
  3 meliai (Spider:3)
  14 hornets
  A wind drake (Lair:5)
  A hydra skeleton (Crypt:1)
  7 tyrant leeches
  A wind drake (shapeshifter) (Vaults:5)
  25 slime creatures
  13 blink frogs
  17 tarantellas
  25 jumping spiders
  A dream sheep (shapeshifter) (Vaults:5)
  An ettin skeleton (Crypt:2)
  A shadow (D:12)
  A vampire (D:9)
  6 ushabtiu (Crypt:3)
  7 wyverns
  20 culicivoras
  9 water elementals
  A dire elephant simulacrum (IceCv)
  2 wraiths
  6 fire elementals
  A golden eye (Depths:3)
  33 yaks
  A wyvern (shapeshifter) (Elf:1)
  5 hogs
  2 death yak simulacra (IceCv)
  2 basilisks
  19 vampire mosquitoes
  3 steam dragons
  A golden eye (shapeshifter) (Vaults:5)
  53 redbacks
  A redback simulacrum (D:15)
  2 wargs (Orc:1)
  Menkaure (D:4)
  13 swamp worms
  3 human zombies
  4 acid dragons
  A swamp worm (shapeshifter) (Vaults:5)
  9 water moccasins
  A water nymph skeleton (Crypt:2)
  A sky beast (D:7)
  2 floating eyes (shapeshifter)
  Pargi (Sewer)
  A glowing shapeshifter skeleton (Depths:2)
  4 floating eyes
  5 swamp drakes (Swamp:4)
  5 black bears
  37 orc warriors
  An ice beast (D:7)
  A floating eye zombie (Depths:2)
  11 ogres (Orc:2)
  44 wolves
  21 centaurs
  A snapping turtle skeleton (Crypt:2)
  A hog skeleton (Crypt:3)
  7 kobold brigands
  A rime drake skeleton (Crypt:2)
  8 bullfrogs
  A cyclops zombie (Crypt:1)
  3 cane toad simulacra
  4 earth elementals
  A gnoll sergeant (D:10)
  7 necrophages
  3 scorpions
  A two-headed ogre simulacrum (IceCv)
  A warg zombie (Crypt:2)
  2 wights (D:9)
  A cyclops skeleton (Crypt:3)
  An elephant simulacrum (Lair:1)
  4 killer bees (D:6)
  A howler monkey (D:3)
  A polar bear skeleton (Crypt:2)
  8 electric eels
  4 hexers
  2 hounds (D:5)
  13 orc priests
  2 jellies
  2 human skeletons (Crypt:1)
  4 iguanas
  13 orc wizards
  2 polar bear simulacra
  2 troll simulacra (IceCv)
  5 lightning spires
  A spriggan simulacrum (IceCv)
  An ogre zombie (Crypt:1)
  11 mummies
  6 adders
  11 gnolls
  A howler monkey skeleton (Crypt:1)
  A swamp drake zombie (Crypt:3)
  A naga simulacrum (IceCv)
  3 white imps
  2 ufetubi
  An adder skeleton (Crypt:2)
  A lava snake skeleton (Crypt:1)
  2 worms
  2 dart slugs
  59 orcs
  4 endoplasms
  4 giant cockroaches
  16 goblins
  11 hobgoblins
  3 jackals (D:5)
  20 kobolds
  6 quokkas
  8 ball pythons
  5 bats
  3 frilled lizards (D:1)
  A gnoll skeleton (Crypt:1)
  A hobgoblin skeleton (Crypt:1)
  5 rats
1980 creatures vanquished.

Vanquished Creatures (collateral kills)
  A juggernaut (Depths:4)
  Boris (Depths:3)
  A Killer Klown (Zot:5)
  A golden dragon (Zot:5)
  4 electric golems
  3 tentacled monstrosities
  8 Orb Guardians
  4 liches
  2 quicksilver dragons
  A deep elf master archer (Elf:3)
  An ancient champion (Crypt:1)
  2 titans (Vaults:5)
  An acid blob (Depths:3)
  A thorn hunter (Swamp:2)
  3 storm dragons
  A shadow dragon (Vaults:5)
  2 tengu reavers (Crypt:1)
  A draconian knight (Zot:3)
  3 azure jellies (Depths:3)
  A revenant (Crypt:1)
  4 fire giants
  2 deep elf sorcerers
  An emperor scorpion (Spider:4)
  4 frost giants
  3 vault wardens
  A ghost moth (Spider:4)
  2 iron dragons
  2 angels (WizLab)
  A draconian stormcaller (Zot:2)
  A curse skull (Crypt:3)
  2 very ugly things (Vaults:5)
  2 ghouls
  2 draconian annihilators (Zot:3)
  3 draconian shifters
  3 ironbound preservers
  2 green draconians (Zot:3)
  3 ironbound thunderhulks
  2 stone giants
  An eleionoma (Swamp:4)
  A war gargoyle (Vaults:4)
  A deep elf demonologist (Vaults:5)
  A white draconian (Zot:1)
  2 red draconians (Zot:1)
  A dire elephant (Vaults:4)
  3 purple draconians
  A deep elf annihilator (Elf:3)
  An eidolon (Crypt:3)
  An ettin (Depths:2)
  2 deep elf death magi (Elf:3)
  A deep elf high priest (Elf:3)
  A mummy priest (Crypt:3)
  A yaktaur captain (Vaults:4)
  2 crystal guardians
  A jiangshi (Crypt:3)
  6 great orbs of eyes
  A shambling mangrove (Swamp:4)
  A rakshasa (D:15)
  8 vault guards
  A ghost crab (Swamp:3)
  A boulder beetle (Spider:1)
  5 peacekeepers
  A hydra (Swamp:4)
  2 ogre magi (Vaults:5)
  A radroach (Spider:4)
  9 dancing weapons
  3 centaur warriors
  A death scarab (Crypt:1)
  5 nameless horrors
  A two-headed ogre (Orc:2)
  A vampire mage (Crypt:3)
  A hell hog (Depths:2)
  A spriggan berserker (Depths:4)
  A hell knight (Vaults:4)
  6 deep elf knights
  7 skeletal warriors
  A shadow wraith (Crypt:2)
  A spriggan druid (Swamp:2)
  A flayed ghost (Crypt:3)
  6 orb spiders
  9 deep trolls
  A sea snake (Lair:5)
  2 glowing orange brains
  2 bog bodies
  A lindwurm (Vaults:1)
  A wizard (Vaults:3)
  A harpy (Lair:5)
  3 ironbound convokers
  A phantasmal warrior (Crypt:3)
  3 deep elf pyromancers
  5 deep elf zephyrmancers
  A necromancer (Crypt:2)
  6 ugly things
  5 shining eyes
  2 manticores
  A will-o-the-wisp (Swamp:3)
  2 moths of wrath
  2 torpor snails
  A black mamba (Lair:4)
  3 vault sentinels
  A demonic crawler (Spider:1)
  A rime drake (Lair:5)
  2 cane toads
  7 yaktaurs
  A freezing wraith (Vaults:5)
  2 komodo dragons
  An ice devil (IceCv)
  5 guardian mummies (Crypt:3)
  3 trolls
  A harpy zombie (Crypt:2)
  3 hornets
  5 blink frogs
  6 slime creatures
  A mana viper skeleton (Crypt:3)
  A harpy skeleton (Crypt:2)
  3 tarantellas
  2 jumping spiders (Spider:4)
  An air elemental (Elf:3)
  4 yaks
  2 ushabtiu (Crypt:3)
  3 wraiths
  A water elemental (Depths:2)
  3 culicivoras (Spider:3)
  2 spriggans
  A hog (Spider:2)
  A vampire mosquito (D:13)
  4 redbacks
  An acid dragon (D:10)
  A swamp worm (Swamp:1)
  3 water moccasins
  A floating eye (Depths:1)
  6 orc warriors
  7 ogres
  8 wolves (Lair:4)
  A centaur (D:13)
  A kobold brigand (D:10)
  2 gnoll sergeants (D:10)
  An earth elemental (WizLab)
  A two-headed ogre simulacrum (IceCv)
  A wight (D:9)
  An elephant simulacrum (IceCv)
  3 electric eels
  4 orc priests
  A human zombie (Crypt:1)
  2 orc wizards
  3 mummies
  A gnoll (Bailey)
  2 naga simulacra (IceCv)
  2 white imps
  An ufetubus (IceCv)
  27 orcs
  3 goblins
  2 hobgoblins
  2 kobolds (D:8)
  A bat (D:11)
  4 briar patches (Swamp:2)
  A butterfly (Lair:1)
388 creatures vanquished.

Vanquished Creatures (others)
  3 eldritch tentacles (Zot:5)
  A deep elf high priest (Vaults:5)
  A yaktaur captain (Vaults:5)
  A spriggan (Swamp:1)
  A hornet (Swamp:1)
  2 redbacks (Spider:3)
  A swamp drake (Swamp:4)
  An ogre (Orc:2)
  55 hexers
  A briar patch (Swamp:2)
  40 fungi
  84 plants
191 creatures vanquished.

Grand Total: 2559 creatures vanquished

Notes
Turn   | Place    | Note
-------+----------+-------------------------------------------
     0 | D:1      | sleeves the Kobold Transmuter began the quest for the Orb.
     0 | D:1      | Reached XP level 1. HP: 12/12 MP: 3/3
    46 | D:1      | Reached skill level 1 in Stealth
   173 | D:1      | HP: 5/12 [kobold/+0 short sword (3)]
   444 | D:1      | Found Utyudiv's Magic Scroll Shop.
   450 | D:1      | Reached skill level 2 in Stealth
   603 | D:1      | Reached XP level 2. HP: 13/16 MP: 3/5
   991 | D:1      | Reached skill level 1 in Short Blades
   991 | D:1      | Reached skill level 3 in Stealth
  1028 | D:1      | Reached XP level 3. HP: 20/20 MP: 6/6
  1033 | D:1      | You fall into a shaft and drop 1 floor!
  1162 | D:1      | Found a faded altar of an unknown god.
  1390 | D:1      | Reached skill level 2 in Short Blades
  1975 | D:2      | Reached XP level 4. HP: 25/25 MP: 7/7
  2161 | D:2      | Reached skill level 4 in Stealth
  2283 | D:2      | Learned a level 3 spell: Confusing Touch
  3409 | D:3      | Reached skill level 3 in Short Blades
  3639 | D:3      | Reached skill level 1 in Hexes
  3793 | D:4      | Reached XP level 5. HP: 29/29 MP: 8/8
  3891 | D:4      | Noticed Menkaure
  3893 | D:4      | Noticed a black bear
  3903 | D:4      | Killed Menkaure
  3904 | D:4      | Reached skill level 4 in Short Blades
  3904 | D:4      | Reached skill level 5 in Stealth
  3904 | D:4      | Reached skill level 2 in Hexes
  3904 | D:4      | Reached XP level 6. HP: 34/34 MP: 9/9
  3907 | D:4      | Killed a black bear
  3960 | D:4      | Noticed a black bear
  3975 | D:4      | Found a staircase to the Ecumenical Temple.
  4136 | D:4      | Found a shadowy altar of Dithmenos.
  4148 | Temple   | Entered the Ecumenical Temple
  4291 | D:3      | HP: 16/34 [poisoned by a scorpion]
  4294 | D:3      | Reached skill level 6 in Stealth
  4294 | D:3      | Reached skill level 3 in Hexes
  4294 | D:3      | Reached XP level 7. HP: 19/38 MP: 10/10
  4296 | D:3      | HP: 15/57 [poisoned by a scorpion]
  4299 | D:3      | HP: 7/38 [poisoned by a scorpion]
  4616 | D:4      | Reached skill level 5 in Short Blades
  5210 | D:4      | Found a snail-covered altar of Cheibriados.
  5698 | D:5      | Entered Level 5 of the Dungeon
  5701 | D:5      | Learned a level 1 spell: Slow
  5718 | D:5      | Reached skill level 7 in Stealth
  5744 | D:5      | Found a stormy altar of Qazlal.
  5803 | D:5      | Found a glowing drain.
  5815 | Sewer    | Entered a sewer
  5905 | Sewer    | Noticed Pargi
  5918 | Sewer    | HP: 19/38 [Pargi (5)]
  5921 | Sewer    | Killed Pargi
  5922 | Sewer    | Reached skill level 6 in Short Blades
  5922 | Sewer    | Reached skill level 4 in Hexes
  5922 | Sewer    | Reached XP level 8. HP: 13/43 MP: 11/11
  6355 | D:5      | Noticed Pikel
  6595 | D:5      | Found a bloodstained altar of Trog.
  6596 | D:5      | Found an ancient bone altar of Kikubaaqudgha.
  6603 | D:5      | Found a hazy altar of Hepliaklqana.
  6612 | D:5      | HP: 20/43 [poisoned by a scorpion]
  6615 | D:5      | Gained mutation: Your movements are slightly less
                  | encumbered by armour. (ER -2) [potion of mutation]
  6617 | D:5      | HP: 9/43 [poisoned by a scorpion]
  6622 | D:5      | HP: 6/43 [poisoned by a scorpion]
  6628 | D:5      | HP: 4/43 [poisoned by a scorpion]
  6634 | D:5      | HP: 3/43 [scorpion (1)]
  6644 | D:5      | Reached skill level 8 in Stealth
  6649 | D:4      | Noticed Sigmund
  6948 | D:5      | Found a radiant altar of Vehumet.
  6950 | D:5      | Found a glowing silver altar of Zin.
  7060 | D:6      | Reached skill level 7 in Short Blades
  7065 | D:6      | Reached skill level 5 in Hexes
  7327 | D:4      | Killed Pikel
  7328 | D:4      | Reached skill level 8 in Short Blades
  7328 | D:4      | Reached skill level 9 in Stealth
  7328 | D:4      | Reached skill level 6 in Hexes
  7328 | D:4      | Reached XP level 9. HP: 36/47 MP: 8/12
  7433 | D:5      | Became a worshipper of Hepliaklqana the Forgotten
  7831 | D:6      | Reached skill level 10 in Stealth
  8617 | D:7      | Reached skill level 9 in Short Blades
  8801 | D:7      | Reached * piety under Hepliaklqana
  8820 | D:7      | Found an ornate altar of the Wu Jian Council.
  9004 | D:7      | Found Ujutte's Book Boutique.
  9110 | D:7      | Found an opulent altar of Gozag.
  9320 | D:7      | Found a runed translucent gate.
  9321 | D:7      | Found a runed translucent gate.
  9322 | D:7      | Found a runed translucent gate.
  9359 | D:7      | Noticed TheSexyCheese's ghost (novice HOBe)
  9650 | D:7      | Noticed a hornet
  9654 | D:7      | Killed a hornet
  9960 | D:8      | Reached skill level 11 in Stealth
  9960 | D:8      | Reached skill level 7 in Hexes
  9999 | D:8      | Found a sparkling altar of Nemelex Xobeh.
 10044 | D:8      | Reached XP level 10. HP: 46/46 MP: 13/13
 10067 | D:8      | Reached skill level 10 in Short Blades
 10183 | D:8      | Reached ** piety under Hepliaklqana
 10184 | D:8      | Remembered your ancestor Ano as a hexer
 10241 | D:8      | Reached skill level 12 in Stealth
 10251 | D:8      | HP: 16/46 [centaur/arrow (10)]
 10451 | D:8      | Noticed a cyclops
 10474 | D:8      | Killed a cyclops
 10475 | D:8      | Reached skill level 13 in Stealth
 10589 | D:8      | Found a flagged portal.
 10618 | Bailey   | Entered a bailey
 10862 | Bailey   | Reached skill level 1 in Invocations
 10868 | Bailey   | Reached skill level 3 in Dodging
 10918 | Bailey   | Reached skill level 2 in Fighting
 10962 | Bailey   | Noticed an orc knight
 11116 | Bailey   | HP: 17/47 [orc knight/+0 war axe (18)]
 11118 | Bailey   | Killed an orc knight
 11119 | Bailey   | Reached skill level 2 in Invocations
 11346 | Bailey   | Acquired the ring of Fatul {Fly rElec Dex+3 SInv}
 11510 | Bailey   | Reached skill level 3 in Fighting
 11510 | Bailey   | Reached skill level 4 in Dodging
 11582 | Bailey   | Noticed an orc knight
 11675 | Bailey   | Reached skill level 14 in Stealth
 11733 | Bailey   | Killed an orc knight
 11734 | Bailey   | Reached skill level 3 in Invocations
 11734 | Bailey   | Reached XP level 11. HP: 54/54 MP: 10/14
 12079 | Bailey   | Found an iron altar of Okawaru.
 12081 | Bailey   | Noticed an orc sorcerer
 12227 | Bailey   | HP: 19/54 [orc sorcerer/bolt of fire (28)]
 12238 | Bailey   | Killed an orc sorcerer
 12239 | Bailey   | Reached skill level 4 in Fighting
 12239 | Bailey   | Reached skill level 5 in Dodging
 12418 | Bailey   | Acquired a +3 rapier of speed
 13034 | D:9      | Reached skill level 4 in Invocations
 13198 | D:9      | Reached skill level 8 in Hexes
 13231 | D:9      | Found a sacrificial altar of Ru.
 13249 | D:9      | Found an iron altar of Okawaru.
 13273 | D:9      | Found a staircase to the Lair.
 13657 | D:9      | Found a burning altar of Makhleb.
 13795 | D:9      | Noticed a centaur warrior
 13799 | D:9      | Killed a centaur warrior
 13922 | D:10     | Entered Level 10 of the Dungeon
 13922 | D:10     | Reached *** piety under Hepliaklqana
 14089 | D:10     | Found a staircase to the Orcish Mines.
 14461 | D:10     | Reached skill level 5 in Fighting
 14461 | D:10     | Reached skill level 6 in Dodging
 15073 | D:10     | HP: 25/56 [gargoyle/+0 morningstar (19)]
 15075 | D:10     | HP: 9/56 [gargoyle/+0 morningstar (7)]
 15082 | D:10     | Reached skill level 5 in Invocations
 15430 | D:10     | Noticed Erica
 15443 | D:10     | Killed Erica
 15444 | D:10     | Reached skill level 15 in Stealth
 15454 | D:10     | Reached XP level 12. HP: 49/61 MP: 9/15
 16102 | D:10     | Reached skill level 11 in Short Blades
 16412 | D:10     | Reached skill level 1 in Shields
 16536 | D:11     | Noticed a two-headed ogre
 16565 | D:11     | Killed a two-headed ogre
 16566 | D:11     | Reached skill level 6 in Fighting
 16566 | D:11     | Reached skill level 7 in Dodging
 16622 | D:11     | Reached skill level 1 in Throwing
 17086 | D:11     | Reached skill level 2 in Throwing
 17086 | D:11     | Reached skill level 9 in Hexes
 17104 | D:11     | Found a shimmering altar of Xom.
 17160 | D:11     | Reached **** piety under Hepliaklqana
 17214 | D:11     | Found the +6 shillelagh "Devastator" {shatter}
 17254 | D:11     | Reached skill level 2 in Shields
 17592 | Lair:1   | Entered Level 1 of the Lair of Beasts
 17617 | Lair:1   | HP: 31/63 [torpor snail (1)]
 17623 | Lair:1   | HP: 7/63 [torpor snail (16)]
 18063 | Lair:1   | Found a frozen archway.
 18118 | IceCv    | Entered an ice cave
 18257 | IceCv    | Reached skill level 3 in Throwing
 18666 | IceCv    | HP: 26/63 [something (8)]
 18869 | IceCv    | Reached skill level 8 in Dodging
 18926 | IceCv    | Reached skill level 7 in Fighting
 18994 | IceCv    | HP: 30/64 [ice devil (3)]
 18998 | IceCv    | Reached skill level 3 in Shields
 19320 | IceCv    | Reached skill level 12 in Short Blades
 19332 | IceCv    | Reached XP level 13. HP: 40/68 MP: 12/17
 19345 | IceCv    | HP: 34/68 [something (8)]
 19356 | IceCv    | Noticed a reaper
 19585 | Lair:1   | Reached skill level 4 in Throwing
 19919 | Lair:1   | Noticed a four-headed hydra
 19923 | Lair:1   | Killed a four-headed hydra
 20245 | Lair:1   | HP: 27/68 [blink frog (12)]
 20579 | Lair:1   | CougarLife: yo test
 20579 | Lair:1   | CougarLife: can you see me chatting
 20908 | Lair:2   | HP: 35/70 [wolf (4)]
 20913 | Lair:2   | HP: 28/70 [wolf (8)]
 20925 | Lair:2   | HP: 24/70 [wolf (5)]
 21171 | Lair:2   | Noticed a boulder beetle
 21184 | Lair:2   | Killed a boulder beetle
 21365 | Lair:2   | Reached skill level 5 in Throwing
 21537 | Lair:2   | Reached skill level 9 in Dodging
 21537 | Lair:2   | Reached skill level 4 in Shields
 21721 | Lair:2   | Identified the ring "Zuraxuq" {rF+ Will+ Str+3}
 21934 | Lair:2   | Reached ***** piety under Hepliaklqana
 22231 | Lair:3   | Reached skill level 8 in Fighting
 22307 | Lair:3   | Noticed an eight-headed hydra
 22308 | Lair:3   | Noticed a five-headed hydra
 22456 | Lair:3   | Noticed a six-headed hydra
 23013 | Lair:3   | Killed an eight-headed hydra
 23039 | Lair:3   | Reached skill level 13 in Short Blades
 23282 | Lair:3   | Reached skill level 6 in Throwing
 23597 | Lair:3   | Killed a six-headed hydra
 23613 | Lair:3   | Noticed a boulder beetle
 23622 | Lair:3   | Killed a boulder beetle
 23873 | Lair:3   | Killed a five-headed hydra
 23874 | Lair:3   | Reached skill level 10 in Dodging
 24157 | Lair:3   | Reached skill level 5 in Shields
 24162 | Lair:3   | Reached XP level 14. HP: 50/75 MP: 12/18
 24293 | Lair:3   | Found a staircase to the Swamp.
 24344 | Lair:3   | Found a hole to the Spider Nest.
 24692 | Lair:4   | Reached skill level 9 in Fighting
 25151 | Lair:4   | Reached skill level 8 in Evocations
 25151 | Lair:4   | Reached XP level 15. HP: 71/81 MP: 15/19
 25206 | Lair:4   | Reached skill level 7 in Throwing
 25964 | Lair:4   | Reached skill level 14 in Short Blades
 26204 | Lair:5   | Entered Level 5 of the Lair of Beasts
 26302 | Lair:5   | HP: 41/82 [poisoned by a water moccasin]
 26307 | Lair:4   | HP: 27/82 [poisoned by a water moccasin]
 26312 | Lair:4   | HP: 22/82 [poisoned by a water moccasin]
 26659 | Lair:5   | Reached skill level 11 in Dodging
 26659 | Lair:5   | Reached skill level 6 in Shields
 26822 | Lair:5   | HP: 39/82 [komodo dragon (22)]
 26829 | Lair:5   | HP: 32/82 [elephant (8)]
 26841 | Lair:4   | Reached skill level 10 in Fighting
 27425 | Lair:5   | Identified the ring of Sophism {Will+ Int+3 Dex+2}
 27728 | Lair:5   | Identified the +4 barding "Viemaoma" {rC+}
 28177 | Lair:5   | Reached skill level 12 in Dodging
 28273 | Lair:5   | Reached skill level 7 in Shields
 28275 | Lair:5   | Identified the +9 trident of the Thieving Seeker {venom,
                  | rCorr}
 28459 | Lair:5   | Reached skill level 11 in Fighting
 28580 | Lair:5   | Found a staircase to the Slime Pits.
 28822 | Lair:5   | Acquired a +5 quick blade
 29037 | Orc:1    | Entered Level 1 of the Orcish Mines
 29283 | Orc:2    | Entered Level 2 of the Orcish Mines
 29295 | Orc:2    | Found a staircase to the Elven Halls.
 29310 | Orc:2    | Reached XP level 16. HP: 90/90 MP: 20/20
 29433 | Orc:2    | Reached ****** piety under Hepliaklqana
 29451 | Orc:2    | Found a runed translucent door.
 29751 | Orc:1    | HP: 42/90 [orc warrior/+0 trident (9)]
 29759 | Orc:1    | Reached skill level 1 in Armour
 29760 | Orc:1    | HP: 41/90 [orc/+2 flail of protection (2)]
 29765 | Orc:1    | HP: 40/90 [poisoned by an orc wizard]
 29772 | Orc:1    | HP: 38/90 [poisoned by an orc wizard]
 30454 | Orc:2    | Found Dotreqar's General Store.
 30500 | Orc:2    | Reached skill level 6 in Invocations
 30512 | Orc:2    | HP: 39/90 [cyclops/large rock (19)]
 30738 | Orc:1    | Reached skill level 2 in Armour
 30887 | Orc:2    | HP: 45/90 [cyclops/large rock (20)]
 30889 | Orc:2    | Reached skill level 13 in Dodging
 31192 | Orc:2    | Found Xutywoif's Distillery.
 31197 | Orc:2    | Found Uwkacir's Distillery.
 31203 | Orc:2    | Found Tuyhef's Magic Scroll Shoppe.
 31561 | D:12     | Reached skill level 3 in Armour
 31573 | D:12     | Reached skill level 7 in Invocations
 31750 | D:12     | Reached skill level 12 in Fighting
 32462 | D:12     | Found an ornate altar of the Wu Jian Council.
 33693 | D:13     | Reached skill level 4 in Armour
 33708 | D:13     | Noticed Rupert
 33714 | D:13     | Killed Rupert
 33796 | D:13     | Reached skill level 8 in Invocations
 34444 | D:14     | Found a shimmering blue altar of Sif Muna.
 34592 | D:14     | Reached skill level 14 in Dodging
 34803 | D:14     | Found a gate to the Vaults.
 34826 | D:14     | HP: 34/92 [yaktaur captain/bolt (30)]
 34832 | D:14     | HP: 44/92 [yaktaur captain (8)]
 34839 | D:14     | Reached XP level 17. HP: 47/97 MP: 19/23
 35524 | D:14     | Identified the +8 plate armour of Thoughtfulness {rF++
                  | Will+ rCorr Str+3}
 35892 | D:15     | Entered Level 15 of the Dungeon
 35999 | D:15     | Reached skill level 5 in Armour
 36142 | D:15     | Reached skill level 13 in Fighting
 36315 | D:15     | Reached skill level 9 in Invocations
 36541 | D:15     | Found a white marble altar of Elyvilon.
 36911 | D:15     | Found a staircase to the Depths.
 37231 | Spider:1 | Entered Level 1 of the Spider Nest
 37325 | Spider:1 | You fall into a shaft and drop 1 floor!
 37341 | Spider:2 | Identified the +1 ring mail of Analysis {+Inv rN+ Str-2
                  | Int+3}
 37737 | Spider:2 | Identified Roxanne's Precepts of Transmutation
 37737 | Spider:2 | Noticed Roxanne
 37925 | Spider:1 | Reached skill level 6 in Armour
 38141 | Spider:1 | Reached skill level 15 in Dodging
 38417 | Spider:1 | Reached skill level 10 in Invocations
 38886 | Spider:2 | HP: 44/99 [disintegration (55)]
 38948 | Spider:2 | Noticed Arachne
 38972 | Spider:2 | Killed Arachne
 38973 | Spider:2 | Reached skill level 14 in Fighting
 39105 | Spider:2 | Reached XP level 18. HP: 104/104 MP: 25/25
 39161 | Spider:2 | Noticed Kirke
 39572 | Spider:2 | Reached skill level 7 in Armour
 39587 | Spider:2 | Reached skill level 16 in Stealth
 40908 | Spider:3 | Reached skill level 16 in Dodging
 40921 | Spider:3 | Learned a level 4 spell: Passage of Golubria
 41297 | Spider:3 | Identified the +0 robe of Fresh Brilliance {Rampage Str+3
                  | SInv}
 41367 | Spider:4 | Entered Level 4 of the Spider Nest
 41733 | Spider:4 | Identified the +1 ring mail "Naumogoz" {rN+}
 41962 | Spider:4 | Reached skill level 17 in Stealth
 42034 | Spider:4 | Reached skill level 8 in Armour
 42145 | Spider:4 | Reached skill level 15 in Fighting
 42401 | Spider:4 | Identified the +0 hat of the Beekeeper {+Blink rF++ Str-5
                  | Stlth+}
 42473 | Spider:4 | Reached XP level 19. HP: 67/111 MP: 2/26
 42867 | Spider:4 | Got a gossamer rune of Zot
 43153 | Spider:2 | Killed Kirke
 43234 | Swamp:1  | Entered Level 1 of the Swamp
 43272 | Swamp:1  | HP: 50/111 [alligator (15)]
 43781 | Swamp:1  | Reached skill level 17 in Dodging
 44210 | Swamp:1  | Identified the +0 ring mail of the Gravedigger {rN+ Will+}
 44421 | Swamp:2  | Noticed Frances
 44424 | Swamp:2  | Killed Frances
 44425 | Swamp:2  | Reached skill level 18 in Stealth
 44937 | D:7      | Bought a book of Beasts for 570 gold pieces
 44943 | D:7      | Learned a level 5 spell: Summon Mana Viper
 45366 | Swamp:2  | Reached skill level 1 in Translocations
 45410 | Swamp:2  | Found a runed translucent door.
 45413 | Swamp:2  | Noticed Vudadgh's ghost (adept HuWr)
 45650 | Swamp:3  | Noticed Mara
 45655 | Swamp:3  | Noticed sleeves's illusion
 45745 | Swamp:3  | Noticed sleeves's illusion
 45825 | Swamp:3  | HP: 55/111 [Mara (illusionary)/+1 demon trident of flaming
                  | (1)]
 46104 | Swamp:3  | Noticed sleeves's illusion
 46187 | Swamp:3  | Killed Mara
 46188 | Swamp:3  | Reached skill level 9 in Armour
 46188 | Swamp:3  | Reached skill level 1 in Summonings
 46263 | Swamp:3  | Reached skill level 3 in Spellcasting
 46296 | Swamp:3  | Reached skill level 2 in Translocations
 46340 | Swamp:3  | Reached skill level 2 in Summonings
 46364 | Swamp:3  | HP: 53/111 [spriggan rider/+0 spear (21)]
 47015 | Swamp:4  | Entered Level 4 of the Swamp
 47072 | Swamp:4  | Reached skill level 3 in Translocations
 47209 | Swamp:4  | Reached skill level 4 in Spellcasting
 47350 | Swamp:4  | Reached skill level 3 in Summonings
 47695 | Swamp:4  | Reached skill level 4 in Translocations
 47826 | Swamp:4  | Reached skill level 4 in Summonings
 47831 | Swamp:4  | Reached skill level 10 in Hexes
 47855 | Swamp:4  | Reached skill level 5 in Spellcasting
 47905 | Swamp:4  | Reached XP level 20. HP: 115/117 MP: 27/27
 47960 | Swamp:4  | Got a decaying rune of Zot
 48355 | Vaults:1 | Entered Level 1 of the Vaults
 48420 | Vaults:1 | Reached skill level 5 in Translocations
 48554 | Vaults:1 | Reached skill level 5 in Summonings
 48563 | Vaults:1 | Identified the +1 helmet of the Watchman {rElec}
 48769 | Vaults:1 | Reached skill level 6 in Spellcasting
 48952 | Vaults:1 | Reached skill level 6 in Translocations
 49041 | Vaults:1 | Reached skill level 6 in Summonings
 49062 | Vaults:1 | Reached skill level 11 in Hexes
 49162 | Vaults:1 | HP: 55/117 [deep troll[an ironbound preserver] (15)]
 49452 | Vaults:1 | Reached skill level 7 in Spellcasting
 49735 | Vaults:1 | Identified the +1 hat "Rumuw" {*Corrode +Inv Str+3 SInv}
 49747 | Vaults:1 | Found a radiant altar of Vehumet.
 49752 | Vaults:1 | Identified the +0 robe of Hospitality {Drain rF+ Will+
                  | Str+4}
 49754 | Vaults:1 | Identified the +1 robe "Kokhluott" {rN+}
 49758 | Vaults:1 | Identified the +0 hat of Hedonism {Fly rPois Dex+3 Stlth+}
 49783 | Vaults:1 | Identified the +1 robe of Absence {rN+}
 49784 | Vaults:1 | Identified the +0 hat of Winarph {rElec Dex+3 Slay-5}
 50017 | Vaults:1 | Reached skill level 8 in Summonings
 50017 | Vaults:1 | Reached XP level 21. HP: 121/121 MP: 32/32
 50065 | Vaults:1 | HP: 55/121 [deep troll[an ironbound preserver] (12)]
 50067 | Vaults:1 | Reached skill level 7 in Translocations
 50775 | Vaults:2 | Reached skill level 9 in Summonings
 50829 | Vaults:2 | Reached XP level 22. HP: 95/126 MP: 28/33
 50836 | Vaults:2 | Reached skill level 8 in Spellcasting
 50848 | Vaults:2 | HP: 60/126 [war gargoyle/+0 morningstar[a peacekeeper]
                  | (27)]
 51228 | Vaults:2 | HP: 56/126 [deep troll[an ironbound preserver] (16)]
 51232 | Vaults:2 | HP: 25/126 [deep troll[an ironbound preserver] (23)]
 51597 | Vaults:2 | Reached skill level 8 in Translocations
 51599 | Vaults:2 | Reached skill level 12 in Hexes
 51787 | Vaults:2 | Found Cunn's Book Shop.
 51926 | Vaults:2 | Bought a manual of Fighting for 1360 gold pieces
 52432 | Vaults:2 | Reached skill level 9 in Spellcasting
 52565 | Vaults:2 | Reached skill level 10 in Summonings
 52663 | Vaults:2 | Reached skill level 16 in Fighting
 52852 | Vaults:2 | Reached skill level 9 in Translocations
 52893 | Vaults:2 | HP: 58/128 [vault warden/+2 vorpal great sword (30)]
 52911 | Vaults:2 | HP: 50/128 [vault guard/+2 battleaxe[a vault warden] (6)]
 53670 | Vaults:3 | Noticed Aizul
 53695 | Vaults:3 | Killed Aizul
 53704 | Vaults:3 | Learned a level 7 spell: Monstrous Menagerie
 53729 | Vaults:3 | Reached skill level 17 in Fighting
 53733 | Vaults:3 | Reached skill level 10 in Spellcasting
 54394 | Vaults:3 | Reached skill level 11 in Summonings
 54535 | Vaults:3 | Reached skill level 10 in Translocations
 54535 | Vaults:3 | Reached XP level 23. HP: 135/135 MP: 37/37
 54672 | Vaults:3 | Found a staircase to the Crypt.
 54672 | Vaults:3 | Found a basalt altar of Yredelemnul.
 54672 | Vaults:3 | Found an ancient bone altar of Kikubaaqudgha.
 54878 | Vaults:3 | Noticed Xtahua
 54974 | Vaults:3 | Killed Xtahua
 55280 | Vaults:4 | Found a magical portal.
 55288 | WizLab   | Entered Maxwell's Workshop
 55548 | WizLab   | HP: 62/136 [angel/+1 great mace of holy wrath (19)]
 55555 | WizLab   | Reached skill level 18 in Fighting
 55932 | WizLab   | HP: 64/136 [ironbound thunderhulk/bolt of lightning (55)]
 55941 | WizLab   | HP: 55/136 [crystal guardian/crystal bolt (5)]
 56036 | WizLab   | HP: 64/136 [crystal guardian/crystal bolt (12)]
 56368 | WizLab   | Identified the ring of Kyrant {Fire rElec Str+4 Dex-3}
 56371 | WizLab   | Identified the ring of Zinox {Fire Int+4 Stlth+}
 56374 | WizLab   | Identified the ring of Yendor {Fire Str-5 Dex+8}
 56377 | WizLab   | Identified the ring "Ciell" {Ice +Blink rElec Int+3}
 56462 | WizLab   | Reached skill level 12 in Summonings
 56538 | WizLab   | Identified the ring "Ebbaca" {Ice Dex-5 SInv Stlth+}
 56541 | WizLab   | Identified the +8 mace of Glory {chaos, rN+}
 56584 | WizLab   | Found the +2 Maxwell's thermic engine {flame, freeze}
 56702 | Vaults:4 | Reached skill level 19 in Fighting
 59036 | Elf:1    | Entered Level 1 of the Elven Halls
 59360 | Elf:1    | Identified the +10 hand axe of Siat {venom, rPois rF+ rN+}
 59988 | Elf:1    | Identified the +1 robe of Qomirph {rElec Will+}
 60600 | Elf:2    | Reached skill level 20 in Fighting
 60610 | Elf:2    | Found Getioseh's Book Shop.
 60680 | Elf:2    | Found Ewkizxoa's Armour Boutique.
 60686 | Elf:2    | Bought a +0 pair of boots of rampaging for 218 gold pieces
 61053 | Elf:2    | Reached skill level 13 in Summonings
 61086 | Elf:2    | Found a runed translucent gate.
 61087 | Elf:2    | Found a runed translucent gate.
 61087 | Elf:2    | Found a runed translucent gate.
 61152 | Elf:2    | Reached XP level 24. HP: 124/146 MP: 37/37
 61386 | Elf:2    | Reached skill level 19 in Stealth
 61851 | Elf:2    | Reached skill level 18 in Dodging
 62176 | Elf:3    | Entered Level 3 of the Elven Halls
 62386 | Elf:3    | Reached skill level 10 in Armour
 62673 | Elf:3    | HP: 65/145 [something (20)]
 63091 | Elf:3    | Paralysed by an air elemental for 1 turns
 63652 | Elf:3    | Learned a level 7 spell: Malign Gateway
 63939 | Elf:3    | Reached skill level 21 in Fighting
 63951 | Elf:3    | HP: 59/141 [ghostly deep elf death mage/bolt of negative
                  | energy (34)]
 63956 | Elf:3    | HP: 56/142 [poisoned by a +1 war axe of venom]
 64353 | Elf:3    | Learned a level 5 spell: Silence
 64577 | Elf:3    | HP: 45/149 [deep elf master archer/arrow (34)]
 64577 | Elf:3    | HP: 19/149 [deep elf master archer/arrow (26)]
 65042 | Elf:3    | Reached skill level 20 in Stealth
 65296 | Elf:3    | Identified the +2 short sword of Vodka {drain, +Blink
                  | rPois}
 65300 | Elf:3    | Identified the +11 long sword of Vitzarr {vamp, Will+ Str+4
                  | Dex+6}
 65349 | Elf:3    | Found the +8 arc blade {discharge, rElec}
 65390 | Elf:3    | Got the Vellum of Hypothermia
 65914 | Depths:1 | Entered Level 1 of the Depths
 65980 | Depths:1 | Found a one-way gateway to a ziggurat.
 66065 | Depths:1 | HP: 72/149 [stone giant (15)]
 66069 | Depths:1 | Reached skill level 14 in Summonings
 66307 | Depths:1 | Paralysed by a floating eye for 4 turns
 66323 | Depths:1 | Paralysed by a floating eye for 3 turns
 66512 | Depths:1 | Found a corrupted altar of Lugonu.
 66513 | Depths:1 | Found a one-way gate to the infinite horrors of the Abyss.
 66923 | Depths:1 | Found a sacrificial altar of Ru.
 66967 | Depths:1 | Found a gateway to Hell.
 66998 | Depths:1 | You fall into a shaft and drop 1 floor!
 67071 | Depths:1 | Reached skill level 19 in Dodging
 67170 | Depths:1 | Reached XP level 25. HP: 153/153 MP: 37/37
 67330 | Depths:2 | Found an ancient bone altar of Kikubaaqudgha.
 67414 | Depths:2 | HP: 70/153 [spriggan berserker/+0 hand axe (22)]
 67665 | Depths:2 | Noticed Louise
 67668 | Depths:2 | Killed Louise
 68351 | Depths:2 | Found a one-way gate leading to the halls of Pandemonium.
 68536 | Depths:2 | Reached skill level 11 in Spellcasting
 68690 | Depths:2 | Found Etra's Assorted Antiques.
 69090 | Depths:2 | Reached skill level 21 in Stealth
 69095 | Depths:2 | HP: 75/153 [stone giant (23)]
 69695 | Depths:2 | Got the Exposition on Cursed Allies
 69834 | Depths:3 | HP: 76/153 [fire giant/+1 great sword of flaming (1)]
 69841 | Depths:2 | HP: 73/153 [rakshasa/+0 whip (5)]
 69858 | Depths:2 | HP: 74/153 [rakshasa (illusionary)/+0 whip (1)]
 70338 | Depths:3 | Reached skill level 15 in Summonings
 70388 | Depths:3 | Gained mutation: You occasionally lose the ability to read
                  | scrolls when taking damage. [a shining eye]
 70490 | Depths:2 | Lost mutation: Your movements are slightly less encumbered
                  | by armour. (ER -2) [potion of mutation]
 70490 | Depths:2 | Lost mutation: You occasionally lose the ability to read
                  | scrolls when taking damage. [potion of mutation]
 70490 | Depths:2 | Gained mutation: Your system is resistant to poisons.
                  | (rPois) [potion of mutation]
 70490 | Depths:2 | Gained mutation: You have a somewhat thin skeletal
                  | structure. (Dex +2, Stealth+) [potion of mutation]
 70551 | Depths:3 | Noticed Boris
 70613 | Depths:3 | Killed Boris
 70907 | Depths:3 | Reached skill level 12 in Spellcasting
 70930 | Depths:3 | Reached skill level 20 in Dodging
 71556 | Depths:3 | Reached skill level 22 in Stealth
 71706 | Depths:3 | Got Sif Muna's Folio of the Discontinuous Union
 71717 | Depths:3 | Learned a level 7 spell: Summon Hydra
 71801 | Depths:3 | Noticed Mennas
 71839 | Depths:3 | Killed Mennas
 71840 | Depths:3 | Reached XP level 26. HP: 144/159 MP: 34/39
 71841 | Depths:3 | sleeves: yes
 72192 | Depths:4 | Entered Level 4 of the Depths
 72225 | Depths:4 | Noticed a juggernaut
 72247 | Depths:4 | HP: 73/159 [juggernaut (70)]
 72544 | Depths:4 | Paralysed by a floating eye for 2 turns
 72624 | Depths:4 | Killed a juggernaut
 72821 | Depths:4 | Identified the ring "Kaurue" {rN+ MP+9 Dex+5 Stlth-}
 72877 | Depths:4 | Found Lotis Taja's Antique Weapon Shop.
 72880 | Depths:4 | Reached skill level 13 in Spellcasting
 72931 | Depths:4 | Reached skill level 16 in Summonings
 73425 | Depths:4 | Found a transporter.
 73477 | Depths:4 | HP: 76/159 [living spell/crystal spear[a walking crystal
                  | tome] (83)]
 73896 | Depths:4 | Found a gate to the Realm of Zot.
 73932 | Depths:4 | Reached skill level 23 in Stealth
 74263 | Depths:4 | Got the Verses on Changing Displacement
 74464 | Depths:4 | Identified the ring of Duroinlo {Ice rPois Str+6 Int+2}
 74680 | Depths:4 | Found Japymen's Jewellery Boutique.
 74774 | Depths:4 | HP: 56/155 [spriggan berserker/+0 quarterstaff (24)]
 75033 | Depths:4 | Identified the ring of Ismihik {rF+ Int-2 Dex+2 Slay+3}
 75072 | Depths:4 | Found a transporter.
 75980 | Depths:1 | Paralysed by a floating eye for 4 turns
 76788 | Crypt:1  | Entered Level 1 of the Crypt
 76999 | Crypt:1  | Reached skill level 14 in Spellcasting
 77013 | Crypt:1  | Reached skill level 24 in Stealth
 77017 | Crypt:1  | Noticed Bai Suzhen
 77088 | Crypt:1  | Killed Bai Suzhen
 77463 | Crypt:1  | Reached skill level 17 in Summonings
 77679 | Crypt:1  | Noticed Sojobo
 77929 | Crypt:1  | Paralysed by an air elemental for 1 turns
 77933 | Crypt:1  | Killed Sojobo
 77944 | Crypt:1  | Reached skill level 25 in Stealth
 78216 | Crypt:1  | Noticed Zenata
 78486 | Crypt:1  | Killed Zenata
 78766 | Crypt:2  | Reached XP level 27. HP: 163/163 MP: 41/41
 79126 | Crypt:2  | Reached skill level 26 in Stealth
 79770 | Crypt:3  | Entered Level 3 of the Crypt
 80129 | Crypt:3  | Found a staircase to the Tomb.
 80249 | Crypt:3  | HP: 79/163 [skeletal warrior/+0 glaive (14)]
 80642 | Crypt:2  | Reached skill level 18 in Summonings
 80873 | Crypt:3  | HP: 58/162 [torment (37)]
 81409 | Crypt:3  | Reached skill level 27 in Stealth
 82564 | Crypt:3  | Found the +8 Vampire's Tooth {vamp}
 82571 | Crypt:3  | Identified the +5 shortbow "Goelyu Ynas" {flame, rN+}
 82856 | Crypt:3  | Identified the +7 war axe "Ojax" {drain, rElec rF+ Int+4
                  | SInv}
 83996 | Vaults:5 | Entered Level 5 of the Vaults
 84041 | Vaults:5 | Reached skill level 19 in Summonings
 84205 | Vaults:5 | Noticed a dread lich
 84505 | Vaults:5 | HP: 73/163 [titan (37)]
 84566 | Vaults:5 | Killed a dread lich
 84707 | Vaults:5 | Identified the +1 great mace "Ydwoih" {drain, rCorr Str+2
                  | Dex+5}
 84766 | Vaults:5 | Reached skill level 11 in Armour
 84786 | Vaults:5 | Found Nexennesuph's General Store.
 84790 | Vaults:5 | Got a silver rune of Zot
 84893 | Vaults:5 | Identified the ring "Sirefups" {Drain rElec rC+ Will+ SInv}
 85047 | Vaults:5 | HP: 77/163 [frost giant/bolt of cold (33)]
 85115 | Vaults:5 | Reached skill level 20 in Summonings
 85451 | Vaults:5 | Reached skill level 12 in Armour
 85629 | Vaults:5 | Acquired 679 gold pieces
 85647 | Vaults:5 | Found the +8 frozen axe "Frostbite" {freezing cloud, *Noise
                  | Fly rC+}
 85657 | Vaults:5 | Found the amulet of Vitality {RegenMP++ Regen++}
 85671 | Vaults:5 | Got the Disquisition on the Brume
 85724 | Vaults:5 | Got Sif Muna's Almanac of Transposed Lightning
 85734 | Vaults:5 | Got Dariph's Octavo of the Non-Euclidean Rocks
 85740 | Vaults:5 | Identified the +3 ring mail "Anoczoh" {rF+ Stlth+}
 86404 | Vaults:5 | Got Gagudd's Almanac of Entrancing Vitiation
 86716 | Vaults:5 | Identified the +0 scale mail of the Squeaky Elephant {rF-
                  | Will+ Int+7}
 87159 | Depths:1 | Paralysed by a floating eye for 2 turns
 87228 | Zot:1    | Entered Level 1 of the Realm of Zot
 87442 | Zot:1    | Reached skill level 22 in Fighting
 87775 | Zot:1    | Reached skill level 21 in Summonings
 87833 | Zot:1    | Reached skill level 13 in Armour
 87939 | Zot:1    | Found a runed translucent door.
 87939 | Zot:1    | Noticed Pemander008's ghost (veteran MfDe)
 88322 | Zot:2    | Reached skill level 23 in Fighting
 89105 | Zot:3    | Reached skill level 24 in Fighting
 89354 | Zot:3    | Noticed an orb of fire
 89358 | Zot:3    | Gained mutation: You occasionally lose the ability to drink
                  | potions when taking damage. [an orb of fire]
 89359 | Zot:3    | Gained mutation: You sometimes lose your temper in combat.
                  | [an orb of fire]
 89370 | Zot:3    | Killed an orb of fire
 89381 | Zot:3    | Lost mutation: You have a somewhat thin skeletal structure.
                  | (Dex +2, Stealth+) [potion of mutation]
 89381 | Zot:3    | Lost mutation: You sometimes lose your temper in combat.
                  | [potion of mutation]
 89381 | Zot:3    | Lost mutation: Your system is resistant to poisons. (rPois)
                  | [potion of mutation]
 89381 | Zot:3    | Gained mutation: Your system is resistant to poisons.
                  | (rPois) [potion of mutation]
 89381 | Zot:3    | Gained mutation: You sometimes lose your temper in combat.
                  | [potion of mutation]
 89381 | Zot:3    | Gained mutation: You have a pair of small horns on your
                  | head. [potion of mutation]
 89381 | Zot:3    | Gained mutation: You have large cloven feet. [potion of
                  | mutation]
 89382 | Zot:3    | Lost mutation: You sometimes lose your temper in combat.
                  | [potion of mutation]
 89382 | Zot:3    | Lost mutation: Your system is resistant to poisons. (rPois)
                  | [potion of mutation]
 89382 | Zot:3    | Lost mutation: You have a pair of small horns on your head.
                  | [potion of mutation]
 89382 | Zot:3    | Gained mutation: You are frail. (-10% HP) [potion of
                  | mutation]
 89382 | Zot:3    | Gained mutation: Armour fits poorly on your strangely
                  | shaped body. [potion of mutation]
 89382 | Zot:3    | Gained mutation: Your muscles are strong. (Str +4, Int/Dex
                  | -1) [potion of mutation]
 89383 | Zot:3    | Lost mutation: Armour fits poorly on your strangely shaped
                  | body. [potion of mutation]
 89383 | Zot:3    | Lost mutation: You are frail. (-10% HP) [potion of
                  | mutation]
 89383 | Zot:3    | Gained mutation: You have a pair of small horns on your
                  | head. [potion of mutation]
 89384 | Zot:3    | Lost mutation: You occasionally lose the ability to drink
                  | potions when taking damage. [potion of mutation]
 89384 | Zot:3    | Lost mutation: You have a pair of small horns on your head.
                  | [potion of mutation]
 89384 | Zot:3    | Lost mutation: You have large cloven feet. [potion of
                  | mutation]
 89384 | Zot:3    | Gained mutation: Your magical capacity is low. (-10% MP)
                  | [potion of mutation]
 89384 | Zot:3    | Gained mutation: You passively dampen the noise of your
                  | surroundings. [potion of mutation]
 89460 | Zot:3    | Reached skill level 22 in Summonings
 91019 | Zot:5    | Entered Level 5 of the Realm of Zot
 91030 | Zot:5    | Learned a level 8 spell: Summon Horrible Things
 91303 | Zot:5    | Reached skill level 25 in Fighting
 91345 | Zot:5    | Noticed a dread lich
 91348 | Zot:5    | Killed a dread lich
 91475 | Zot:5    | Noticed a Killer Klown
 91477 | Zot:5    | Killed a Killer Klown
 91478 | Zot:5    | Noticed a Killer Klown
 91478 | Zot:5    | Noticed a Killer Klown
 91479 | Zot:5    | Noticed a Killer Klown
 91479 | Zot:5    | Noticed an orb of fire
 91479 | Zot:5    | Gained mutation: You are frail. (-10% HP) [an orb of fire]
 91489 | Zot:5    | Noticed a Killer Klown
 91519 | Zot:5    | Killed an orb of fire
 91528 | Zot:5    | Killed a Killer Klown
 91536 | Zot:5    | Killed a Killer Klown
 91541 | Zot:5    | Killed a Killer Klown
 91542 | Zot:5    | Reached skill level 23 in Summonings
 91615 | Zot:5    | Noticed a dread lich
 91628 | Zot:5    | Killed a dread lich
 91768 | Zot:5    | Killed a Killer Klown
 91826 | Zot:5    | HP: 76/156 [Orb Guardian (19)]
 91847 | Zot:5    | HP: 75/156 [Orb Guardian (30)]
 92068 | Zot:5    | Noticed an orb of fire
 92075 | Zot:5    | Noticed a Killer Klown
 92077 | Zot:5    | Killed an orb of fire
 92078 | Zot:5    | Reached skill level 26 in Fighting
 92084 | Zot:5    | Noticed a Killer Klown
 92176 | Zot:5    | Killed a Killer Klown
 92180 | Zot:5    | Killed a Killer Klown
 92254 | Zot:5    | HP: 66/156 [Orb Guardian (31)]
 92312 | Zot:5    | Got the Orb of Zot
 92928 | D:$      | Escaped with the Orb!

Illustrated notes

Levels and vault maps discovered:
D:1:      amcnicky_arrival_single_pillar, layout_basic,
          hellmonk_ecumenical_altar_run_dry, serial_shops, shop
D:2:      layout_basic
D:3:      layout_rooms, minmay_misc_feat_plants
D:4:      layout_cave_pools, slow_altar_1, nicolae_overflow_hidden_temple,
          minmay_temple_entry_gardened_gates, gup_ossuary_entry_pyramid,
          hangedman_abyss_or_decor_jellyfish_corner, uniq_sigmund, uniq_menkaure
D:5:      layout_basic, grunt_temple_overflow_open,
          nicolae_qazlal_eye_of_the_storm, cheibrodos_sewer_entry_drain,
          uniq_pikel
D:6:      layout_basic
D:7:      layout_basic, mainiacjoe_overflow_alcove_1, overflow_temple_1_default,
          gammafunk_ghost_icy, serial_shops, shop
D:8:      layout_basic, nemelex_spade_bored_becter, enter_bailey_4,
          hellmonk_bongcloud_opening, minmay_microvault
D:9:      layout_loops_ring, okawaru_trees_2, lemuel_round_altar,
          makhleb_altar_promises_db
D:10:     layout_basic, kennysheep_orc_monster_closet_entryway, uniq_erica
D:11:     layout_rooms, chequers_serial_rivers_small_b, grunt_decor_cap, tgw_xom
D:12:     layout_loops_ring, nzn_wu_jian_council_hall
D:13:     minmay_bloctagon, layout_basic, uniq_rupert
D:14:     layout_small_grid, david_vaults_2, minmay_misc_feat_enclosed,
          wad_floor_pattern_untrapped, nicolae_sif_muna_condensation
D:15:     gammafunk_enter_depths_forms, layout_rooms,
          chequers_serial_rivers_small_a, serial_bayou, serial_bayou_crossing,
          serial_bayou_shore_a, serial_bayou_shore_b, serial_bayou_lake_a,
          serial_bayou_lagoon_a, serial_bayou_ford_a, elyvilon_altar_5
Temple:   nicolae_temple_colour_theory
Lair:1:   layout_cave_pods, portal_ice_cave_entry_ice_simulacra,
          lemuel_fruit_fields, grunt_megastairs_2, infiniplex_staircase_pool
Lair:2:   dreamdust_cave_troll, layout_cave_pods, nzn_sisyphean_effort
Lair:3:   layout_gridlike, palyth_hydra_swamp_entry,
          spider_nest_entry_funnel_web, lemuel_fruit_tree
Lair:4:   layout_gridlike, grunt_forest_large_clearings
Lair:5:   gammafunk_lair_ancient_temple, layout_cave_shapes, slime_entry_1
Swamp:1:  layout_falls_marsh, nicolae_swamp_small_spring, swamp_pool5,
          nicolae_swamp_little_swirl
Swamp:2:  layout_basic_swamp, gammafunk_ghost_grave,
          evilmike_swamp_ruin_house_4, swamp_pool1, uniq_frances
Swamp:3:  layout_basic_swamp, evilmike_swamp_ruin_wall, swamp_pool1,
          nicolae_swamp_wisp_ring_woods, uniq_mara
Swamp:4:  swamp, layout_basic_swamp
Spider:1: layout_spider_delve, nicolae_crawler_farm
Spider:2: layout_chambers, uniq_arachne, uniq_kirke, uniq_roxanne
Spider:3: layout_spider_delve
Spider:4: grunt_spider_rune_circles
Orc:1:    layout_caves
Orc:2:    st_orc_open, layout_caves, lightli_church_of_beogh
Elf:1:    minmay_elf_arrival_plus, layout_gridlike, hangedman_elf_represent
Elf:2:    nicolae_elf_blades_crystal_corner, layout_geoelf_grid, serial_shops,
          shop, shop, serial_aquarium, aquarium_bridge_square
          [aquarium_subvault_bridge, aquarium_subvault_wall,
          aquarium_subvault_balcony, aquarium_subvault_bridge],
          aquarium_window_1, aquarium_window_2, aquarium_window_2,
          aquarium_window_1, aquarium_view_2e
Elf:3:    minmay_elf_hall, layout_gridlike, roderic_lattice_octagonal_star
Vaults:1: vaults_dpeg_encased_lava, grunt_vaults_swirl, v_rooms_3, v_misc_31,
          nicolae_vaults_ninety_degrees, hangedman_vaults_variations, v_misc_2,
          grunt_tower_of_power, nicolae_vaults_rhombus_5, vaults_dpeg_ring,
          layout_vaults_maze_snakey
Vaults:2: vaults_room_stairs_pillars, hangedman_vaults_cutoff,
          ontoclasm_vaults_ligature, ontoclasm_vaults_decontamination,
          v_alt_pattern_6, grunt_vaults_diagonal, hangedman_vaults_restitches,
          v_misc_27, v_misc_5, nicolae_vaults_little_squares_1,
          nicolae_vaults_ring_of_whatevers, layout_vaults_omnibox, serial_shops,
          shop_fountains
Vaults:3: vaults_room_pool, minmay_crypt_entry_necro_gods,
          nicolae_vaults_specimen_jars, hangedman_vaults_unwind,
          hangedman_vaults_stretched_pinwheel,
          vaults_standard_mumra_enter_the_diamond, vaults_mumra_lcd,
          ontoclasm_vaults_misaligned, vaults_mumra_hex, layout_vaults_ring,
          uniq_aizul, uniq_xtahua
Vaults:4: mu_enter_wizlab_5, serial_ice_b, vaults_mumra_hexcomb, v_pattern_5,
          vaults_room_hallway, layout_vaults_omnigrid
Vaults:5: serial_shops
Crypt:1:  layout_rooms, hellmonk_scarab_ruin, grunt_crypt_arrival_guarded_gate,
          uniq_sojobo, uniq_zenata, uniq_bai_suzhen
Crypt:2:  layout_chaotic_city, serial_glass, glass_columns_b, glass_columns_a
Crypt:3:  due_elkab, layout_chaotic_city, grunt_ministairs_5
Depths:1: layout_honeycomb, enter_ziggurat_c, abyss_entry_flame_altar,
          hell_entry, nicolae_ru_awakened_eye
Depths:2: minmay_the_grid_square_5x5_3x3 [minmay_the_grid_square_5x5_seven,
          minmay_the_grid_square_5x5_inset,
          minmay_the_grid_square_5x5_spiral_small,
          minmay_the_grid_square_5x5_doubleslash,
          minmay_the_grid_square_5x5_megaprize_open,
          minmay_the_grid_square_5x5_tri_point,
          minmay_the_grid_square_5x5_two_small,
          minmay_the_grid_square_5x5_inverted_slash,
          minmay_the_grid_square_5x5_checkered], layout_gridlike,
          grunt_hell_horde, serial_shops, shop, rand_demon_pan_entry_9,
          nicolae_abyss_entry_one_way_or_another, kiku_gazebo_pond_becter
Depths:3: cheibrodos_lost_city_excavation, layout_cave_pools, hell_entry,
          special_room [special_room_jelly], marbit_kobold_abyss_entry,
          minmay_misc_feat_secret_circle, roderic_roman_lattice,
          grunt_ministairs_2, minmay_staircase_bubble, uniq_boris, uniq_mennas
Depths:4: hangedman_spin_cycle, abyss_entry, hell_entry
Zot:1:    evilmike_crystal_ball_defense, layout_misc_corridors,
          hellmonk_ghost_happy_afterlife, uniq_parghit
Zot:2:    layout_misc_corridors
Zot:3:    layout_onion, grunt_megastairs_3
Zot:4:    layout_concentric_octagons
Zot:5:    layout_misc_corridors

Skill      XL: |  1  2  3  4  5  6  7  8  9 10 11 12 13 14 15 16 17 18 19 20 21 22 23 24 25 26 27 |
---------------+----------------------------------------------------------------------------------+-----
Stealth        | 2 3 4 5 6 7 9 11 14 15 17 18 20 22 25 27 | 27.0
Short Blades   | 1 2 3 4 6 8 9 10 12 13 14 | 14.0
Hexes          | 1 2 3 4 6 7 8 9 10 11 12 | 12.0
Invocations    | 3 5 8 10 | 10.0
Dodging        | 4 6 8 10 12 14 15 16 17 19 20 | 20.0
Fighting       | 3 5 7 8 9 11 12 14 15 17 20 21 26 | 26.3
Shields        | 3 5 7 |  7.0
Throwing       | 3 6 7 |  7.0
Evocations     | 8 |  8.2
Armour         | 4 6 8 9 10 13 | 13.0
Translocations | 4 6 7 10 | 10.0
Summonings     | 4 8 9 11 13 14 15 17 23 | 23.8
Spellcasting   | 5 7 10 12 14 | 14.0
Unarmed Combat | |  3.0
Transmutations | |  2.0

Action                   |  1- 3 |  4- 6 |  7- 9 | 10-12 | 13-15 | 16-18 | 19-21 | 22-24 | 25-27 || total
-------------------------+-------+-------+-------+-------+-------+-------+-------+-------+-------++-------
Melee: Unarmed           |    42 |     9 |       |       |       |       |       |       |       ||    51
       Headbutt          |     4 |       |     1 |     2 |       |       |       |       |       ||     7
       Kick              |     6 |       |     6 |     1 |       |       |       |       |       ||    13
       Dagger            |    35 |   164 |   276 |   226 |       |       |       |       |       ||   701
       Punch             |       |     3 |     9 |    21 |       |       |       |       |       ||    33
       Rapier            |       |       |       |   468 |   791 |       |       |   118 |   473 ||  1850
       Scimitar          |       |       |       |     5 |       |       |       |       |       ||     5
       Quick blade       |       |       |       |       |    58 |  1602 |   849 |  1524 |  2232 ||  6265
       Long sword        |       |       |       |       |       |       |       |       |   111 ||   111
Throw: Dart              |       |    13 |    17 |       |     7 |       |     4 |       |       ||    41
       Boomerang         |       |       |       |       |    11 |       |       |       |       ||    11
 Cast: Beastly Appendage |    12 |       |     3 |     1 |       |       |       |       |       ||    16
       Confusing Touch   |       |       |    15 |    49 |    63 |    58 |     1 |       |       ||   186
       Slow              |       |       |     9 |     6 |       |       |       |       |       ||    15
       Summon Mana Viper |       |       |       |       |       |       |       |    20 |    48 ||    68
       Passage of Golubr |       |       |       |       |       |       |       |     6 |     7 ||    13
       Summon Hydra      |       |       |       |       |       |       |       |       |   177 ||   177
       Monstrous Menager |       |       |       |       |       |       |       |       |     1 ||     1
       Malign Gateway    |       |       |       |       |       |       |       |       |     3 ||     3
Invok: Recall Ancestor   |       |       |       |     5 |     5 |    10 |     3 |     5 |    16 ||    44
       Ancestor Life: He |       |       |       |     1 |       |       |       |       |       ||     1
       Idealise          |       |       |       |       |       |     2 |     4 |     7 |    11 ||    24
       Ancestor Identity |       |       |       |       |       |       |     1 |       |       ||     1
       Transference      |       |       |       |       |       |       |     1 |     1 |       ||     2
Evoke: Wand              |       |       |     7 |     5 |       |     7 |     9 |     5 |     5 ||    38
       Lightning rod     |       |       |       |       |       |       |     3 |     4 |     3 ||    10
       Piece from Xom's  |       |       |       |       |       |       |     2 |       |       ||     2
       Box of beasts     |       |       |       |       |       |       |     1 |     1 |     1 ||     3
       Phantom mirror    |       |       |       |       |       |       |       |     1 |     3 ||     4
       Phial of floods   |       |       |       |       |       |       |       |       |     2 ||     2
  Use: Potion            |       |     4 |     3 |     1 |     2 |     2 |     1 |       |    21 ||    34
       Scroll            |       |     4 |       |     3 |    21 |     3 |     2 |     3 |    23 ||    59
 Stab: Sleeping          |    20 |    10 |    29 |    26 |    22 |    82 |    42 |    77 |   132 ||   440
       Distracted        |       |     1 |     1 |     8 |    12 |    20 |    16 |    35 |   109 ||   202
       Confused          |       |       |    13 |    59 |    72 |    89 |    77 |   100 |   174 ||   584
       Paralysed         |       |       |       |     4 |    17 |    69 |    31 |    53 |    99 ||   273
Armor: Robe              |     3 |       |       |    24 |    75 |    52 |       |       |       ||   154
       Leather armour    |     5 |    25 |    37 |       |       |       |       |       |       ||    67
       Skin              |       |    18 |       |     5 |       |       |       |       |       ||    23
       Steam dragon scal |       |       |     6 |    27 |       |       |       |       |       ||    33
       Ring mail         |       |       |       |       |       |   103 |    84 |   105 |    95 ||   387
       Quicksilver drago |       |       |       |       |       |       |       |       |   123 ||   123
       Acid dragon scale |       |       |       |       |       |       |       |       |    36 ||    36
Dodge: Dodged            |    49 |   105 |   118 |   253 |   409 |   873 |   391 |   612 |  1223 ||  4033
Block: Buckler           |       |       |       |    50 |   212 |   430 |   183 |   255 |   809 ||  1939
       Reflection        |       |       |       |       |       |       |       |       |    12 ||    12
